Workbook
Name AreaTeste: #REF!
Name AreaTeste2: #REF!
Name CélulaInicioPlanilha: #REF!
Name CélulaResumo: #REF!
Name Excel_BuiltIn_Database: #REF!
Name Excel_BuiltIn_Database_2: #REF!

Sheet ORÇ
B3: {=Melhorias no Castelo Zenker} -> #NAME? | H3: LOCAL: | I3: Ferraz de Vasconcelos
B6: REF | C6: CÓDIGO | D6: DESCRIÇÃO DOS SERVIÇOS | I6: UNID | J6: QUANT
M7: =SUMIF(M9:M265,"<>#N/D",M9:M42) -> 233308.88 | N7: =M7*1.25 -> 291636.1
C8: + | D8: 1 - SERVIÇOS PRELIMINARES
B9: EDIF | C9: 17030002 | D9: =UPPER(IF($B9="EDIF",VLOOKUP($C9,[1]EDIF!$A$1:$F$3677,2,0),(IF($B9="INFRA",VLOOKUP($C9,[1]INFRA!$A$1:$F$1859,2,0),(IF($B9="SINAPI",VLOOKUP($C9,[1]SINAPI!$A$1:$G$9552,2,0),(IF($B9="CDHU",VLOOKUP($C9,[1]CDHU!$A$1:$G$5122,2,0),(IF($B9="SIEC",VLOOKUP($C9,[1]SIEC!$A$1:$F$5304,2,0),(IF($B9="DER",VLOOKUP($C9,[1]DER!$A$1:$F$3075,2,0),(IF($B9="FDE",VLOOKUP($C9,[1]FDE!$A$1:$F$3289,2,0),(IF($B9="SICRO",VLOOKUP($C9,[1]SICRO!$A$1:$E$7371,2,0))))))))))))))))) -> PLACA DE OBRA EM CHAPA DE AÇO GALVANIZADO | I9: =UPPER(IF($B9="EDIF",VLOOKUP($C9,[1]EDIF!$A$1:$F$3677,3,0),(IF($B9="INFRA",VLOOKUP($C9,[1]INFRA!$A$1:$F$1859,3,0),(IF($B9="SINAPI",VLOOKUP($C9,[1]SINAPI!$A$1:$G$9552,3,0),(IF($B9="CDHU",VLOOKUP($C9,[1]CDHU!$A$1:$G$5122,3,0),(IF($B9="SIEC",VLOOKUP($C9,[1]SIEC!$A$1:$F$5304,3,0),(IF($B9="DER",VLOOKUP($C9,[1]DER!$A$1:$F$2075,3,0),(IF($B9="FDE",VLOOKUP($C9,[1]FDE!$A$1:$F$3289,3,0),(IF($B9="SICRO",VLOOKUP($C9,[1]SICRO!$A$1:$E$7371,3,0))))))))))))))))) -> M2 | J9: =SUM(K10) -> 6 | L9: =UPPER(ROUND((IF($B9="EDIF",VLOOKUP($C9,[1]EDIF!$A$1:$F$3677,4,0),(IF($B9="INFRA",VLOOKUP($C9,[1]INFRA!$A$1:$F$1859,4,0),(IF($B9="SINAPI",VLOOKUP($C9,[1]SINAPI!$A$1:$G$9552,4,0),(IF($B9="CDHU",VLOOKUP($C9,[1]CDHU!$A$1:$G$5122,6,0),(IF($B9="SIEC",VLOOKUP($C9,[1]SIEC!$A$1:$F$5304,5,0),(IF($B9="DER",VLOOKUP($C9,[1]DER!$A$1:$F$3075,5,0),(IF($B9="FDE",VLOOKUP($C9,[1]FDE!$A$1:$F$3289,5,0),(IF($B9="SICRO",VLOOKUP($C9,[1]SICRO!$A$1:$E$7371,4,0))))))))))))))))),2)) -> 399,72 | M9: =TRUNC(J9*L9,2) -> 2398.32 | N9: =C9 -> 17030002 | O9: =UPPER(IF($B9="EDIF",VLOOKUP($C9,[1]EDIF!$A$1:$F$3677,5,0),(IF($B9="INFRA",VLOOKUP($C9,[1]INFRA!$A$1:$F$1859,5,0),(IF($B9="SINAPI",VLOOKUP($C9,[1]SINAPI!$A$1:$G$9552,6,0),(IF($B9="CDHU",VLOOKUP($C9,[1]CDHU!$A$1:$G$5122,7,0),(IF($B9="SIEC",VLOOKUP($C9,[1]SIEC!$A$1:$F$5304,6,0),(IF($B9="DER",VLOOKUP($C9,[1]DER!$A$1:$F$3075,6,0),(IF($B9="FDE",VLOOKUP($C9,[1]FDE!$A$1:$F$3289,6,0),(IF($B9="SICRO",VLOOKUP($C9,[1]SICRO!$A$1:$E$7371,5,0))))))))))))))))) -> SIURB-E JAN/26
C10: - | D10: Placa de Obra - 2,0 x 3,0 = 6,0m2 | K10: 6
C11: -
B12: EDIF | C12: 17045001 | D12: =UPPER(IF($B12="EDIF",VLOOKUP($C12,[1]EDIF!$A$1:$F$3677,2,0),(IF($B12="INFRA",VLOOKUP($C12,[1]INFRA!$A$1:$F$1859,2,0),(IF($B12="SINAPI",VLOOKUP($C12,[1]SINAPI!$A$1:$G$9552,2,0),(IF($B12="CDHU",VLOOKUP($C12,[1]CDHU!$A$1:$G$5122,2,0),(IF($B12="SIEC",VLOOKUP($C12,[1]SIEC!$A$1:$F$5304,2,0),(IF($B12="DER",VLOOKUP($C12,[1]DER!$A$1:$F$3075,2,0),(IF($B12="FDE",VLOOKUP($C12,[1]FDE!$A$1:$F$3289,2,0),(IF($B12="SICRO",VLOOKUP($C12,[1]SICRO!$A$1:$E$7371,2,0))))))))))))))))) -> ANDAIMES METÁLICOS - FORNECIMENTO | I12: =UPPER(IF($B12="EDIF",VLOOKUP($C12,[1]EDIF!$A$1:$F$3677,3,0),(IF($B12="INFRA",VLOOKUP($C12,[1]INFRA!$A$1:$F$1859,3,0),(IF($B12="SINAPI",VLOOKUP($C12,[1]SINAPI!$A$1:$G$9552,3,0),(IF($B12="CDHU",VLOOKUP($C12,[1]CDHU!$A$1:$G$5122,3,0),(IF($B12="SIEC",VLOOKUP($C12,[1]SIEC!$A$1:$F$5304,3,0),(IF($B12="DER",VLOOKUP($C12,[1]DER!$A$1:$F$2075,3,0),(IF($B12="FDE",VLOOKUP($C12,[1]FDE!$A$1:$F$3289,3,0),(IF($B12="SICRO",VLOOKUP($C12,[1]SICRO!$A$1:$E$7371,3,0))))))))))))))))) -> M3XMÊS | J12: =SUM(K13) -> 432 | L12: =UPPER(ROUND((IF($B12="EDIF",VLOOKUP($C12,[1]EDIF!$A$1:$F$3677,4,0),(IF($B12="INFRA",VLOOKUP($C12,[1]INFRA!$A$1:$F$1859,4,0),(IF($B12="SINAPI",VLOOKUP($C12,[1]SINAPI!$A$1:$G$9552,4,0),(IF($B12="CDHU",VLOOKUP($C12,[1]CDHU!$A$1:$G$5122,6,0),(IF($B12="SIEC",VLOOKUP($C12,[1]SIEC!$A$1:$F$5304,5,0),(IF($B12="DER",VLOOKUP($C12,[1]DER!$A$1:$F$3075,5,0),(IF($B12="FDE",VLOOKUP($C12,[1]FDE!$A$1:$F$3289,5,0),(IF($B12="SICRO",VLOOKUP($C12,[1]SICRO!$A$1:$E$7371,4,0))))))))))))))))),2)) -> 10,42 | M12: =TRUNC(J12*L12,2) -> 4501.44 | N12: =C12 -> 17045001 | O12: =UPPER(IF($B12="EDIF",VLOOKUP($C12,[1]EDIF!$A$1:$F$3677,5,0),(IF($B12="INFRA",VLOOKUP($C12,[1]INFRA!$A$1:$F$1859,5,0),(IF($B12="SINAPI",VLOOKUP($C12,[1]SINAPI!$A$1:$G$9552,6,0),(IF($B12="CDHU",VLOOKUP($C12,[1]CDHU!$A$1:$G$5122,7,0),(IF($B12="SIEC",VLOOKUP($C12,[1]SIEC!$A$1:$F$5304,6,0),(IF($B12="DER",VLOOKUP($C12,[1]DER!$A$1:$F$3075,6,0),(IF($B12="FDE",VLOOKUP($C12,[1]FDE!$A$1:$F$3289,6,0),(IF($B12="SICRO",VLOOKUP($C12,[1]SICRO!$A$1:$E$7371,5,0))))))))))))))))) -> SIURB-E JAN/26
C13: - | K13: =72*6 -> 432
C14: -
B15: EDIF | C15: 17045002 | D15: =UPPER(IF($B15="EDIF",VLOOKUP($C15,[1]EDIF!$A$1:$F$3677,2,0),(IF($B15="INFRA",VLOOKUP($C15,[1]INFRA!$A$1:$F$1859,2,0),(IF($B15="SINAPI",VLOOKUP($C15,[1]SINAPI!$A$1:$G$9552,2,0),(IF($B15="CDHU",VLOOKUP($C15,[1]CDHU!$A$1:$G$5122,2,0),(IF($B15="SIEC",VLOOKUP($C15,[1]SIEC!$A$1:$F$5304,2,0),(IF($B15="DER",VLOOKUP($C15,[1]DER!$A$1:$F$3075,2,0),(IF($B15="FDE",VLOOKUP($C15,[1]FDE!$A$1:$F$3289,2,0),(IF($B15="SICRO",VLOOKUP($C15,[1]SICRO!$A$1:$E$7371,2,0))))))))))))))))) -> ANDAIMES METÁLICOS - MONTAGEM E DESMONTAGEM | I15: =UPPER(IF($B15="EDIF",VLOOKUP($C15,[1]EDIF!$A$1:$F$3677,3,0),(IF($B15="INFRA",VLOOKUP($C15,[1]INFRA!$A$1:$F$1859,3,0),(IF($B15="SINAPI",VLOOKUP($C15,[1]SINAPI!$A$1:$G$9552,3,0),(IF($B15="CDHU",VLOOKUP($C15,[1]CDHU!$A$1:$G$5122,3,0),(IF($B15="SIEC",VLOOKUP($C15,[1]SIEC!$A$1:$F$5304,3,0),(IF($B15="DER",VLOOKUP($C15,[1]DER!$A$1:$F$2075,3,0),(IF($B15="FDE",VLOOKUP($C15,[1]FDE!$A$1:$F$3289,3,0),(IF($B15="SICRO",VLOOKUP($C15,[1]SICRO!$A$1:$E$7371,3,0))))))))))))))))) -> M3 | J15: =SUM(K16) -> 72 | L15: =UPPER(ROUND((IF($B15="EDIF",VLOOKUP($C15,[1]EDIF!$A$1:$F$3677,4,0),(IF($B15="INFRA",VLOOKUP($C15,[1]INFRA!$A$1:$F$1859,4,0),(IF($B15="SINAPI",VLOOKUP($C15,[1]SINAPI!$A$1:$G$9552,4,0),(IF($B15="CDHU",VLOOKUP($C15,[1]CDHU!$A$1:$G$5122,6,0),(IF($B15="SIEC",VLOOKUP($C15,[1]SIEC!$A$1:$F$5304,5,0),(IF($B15="DER",VLOOKUP($C15,[1]DER!$A$1:$F$3075,5,0),(IF($B15="FDE",VLOOKUP($C15,[1]FDE!$A$1:$F$3289,5,0),(IF($B15="SICRO",VLOOKUP($C15,[1]SICRO!$A$1:$E$7371,4,0))))))))))))))))),2)) -> 6,26 | M15: =TRUNC(J15*L15,2) -> 450.72 | N15: =C15 -> 17045002 | O15: =UPPER(IF($B15="EDIF",VLOOKUP($C15,[1]EDIF!$A$1:$F$3677,5,0),(IF($B15="INFRA",VLOOKUP($C15,[1]INFRA!$A$1:$F$1859,5,0),(IF($B15="SINAPI",VLOOKUP($C15,[1]SINAPI!$A$1:$G$9552,6,0),(IF($B15="CDHU",VLOOKUP($C15,[1]CDHU!$A$1:$G$5122,7,0),(IF($B15="SIEC",VLOOKUP($C15,[1]SIEC!$A$1:$F$5304,6,0),(IF($B15="DER",VLOOKUP($C15,[1]DER!$A$1:$F$3075,6,0),(IF($B15="FDE",VLOOKUP($C15,[1]FDE!$A$1:$F$3289,6,0),(IF($B15="SICRO",VLOOKUP($C15,[1]SICRO!$A$1:$E$7371,5,0))))))))))))))))) -> SIURB-E JAN/26
C16: - | D16: 1,50 x 1,50 x 8,00 x 6 meses | K16: 72
C17: -
C18: + | D18: 2 - ADEQUAÇÕES NA REGIÃO DO ELEVADOR E HALL DE ENTRADA
B19: EDIF | C19: 6001030 | D19: =UPPER(IF($B19="EDIF",VLOOKUP($C19,[1]EDIF!$A$1:$F$3677,2,0),(IF($B19="INFRA",VLOOKUP($C19,[1]INFRA!$A$1:$F$1859,2,0),(IF($B19="SINAPI",VLOOKUP($C19,[1]SINAPI!$A$1:$G$9552,2,0),(IF($B19="CDHU",VLOOKUP($C19,[1]CDHU!$A$1:$G$5122,2,0),(IF($B19="SIEC",VLOOKUP($C19,[1]SIEC!$A$1:$F$5304,2,0),(IF($B19="DER",VLOOKUP($C19,[1]DER!$A$1:$F$3075,2,0),(IF($B19="FDE",VLOOKUP($C19,[1]FDE!$A$1:$F$3289,2,0),(IF($B19="SICRO",VLOOKUP($C19,[1]SICRO!$A$1:$E$7371,2,0))))))))))))))))) -> FORNECIMENTO DE ESTRUTURA METÁLICA PARA COBERTURA | I19: =UPPER(IF($B19="EDIF",VLOOKUP($C19,[1]EDIF!$A$1:$F$3677,3,0),(IF($B19="INFRA",VLOOKUP($C19,[1]INFRA!$A$1:$F$1859,3,0),(IF($B19="SINAPI",VLOOKUP($C19,[1]SINAPI!$A$1:$G$9552,3,0),(IF($B19="CDHU",VLOOKUP($C19,[1]CDHU!$A$1:$G$5122,3,0),(IF($B19="SIEC",VLOOKUP($C19,[1]SIEC!$A$1:$F$5304,3,0),(IF($B19="DER",VLOOKUP($C19,[1]DER!$A$1:$F$2075,3,0),(IF($B19="FDE",VLOOKUP($C19,[1]FDE!$A$1:$F$3289,3,0),(IF($B19="SICRO",VLOOKUP($C19,[1]SICRO!$A$1:$E$7371,3,0))))))))))))))))) -> KG | J19: =SUM(K20) -> 125.1 | L19: =UPPER(ROUND((IF($B19="EDIF",VLOOKUP($C19,[1]EDIF!$A$1:$F$3677,4,0),(IF($B19="INFRA",VLOOKUP($C19,[1]INFRA!$A$1:$F$1859,4,0),(IF($B19="SINAPI",VLOOKUP($C19,[1]SINAPI!$A$1:$G$9552,4,0),(IF($B19="CDHU",VLOOKUP($C19,[1]CDHU!$A$1:$G$5122,6,0),(IF($B19="SIEC",VLOOKUP($C19,[1]SIEC!$A$1:$F$5304,5,0),(IF($B19="DER",VLOOKUP($C19,[1]DER!$A$1:$F$3075,5,0),(IF($B19="FDE",VLOOKUP($C19,[1]FDE!$A$1:$F$3289,5,0),(IF($B19="SICRO",VLOOKUP($C19,[1]SICRO!$A$1:$E$7371,4,0))))))))))))))))),2)) -> 15,32 | M19: =TRUNC(J19*L19,2) -> 1916.53 | N19: =C19 -> 6001030 | O19: =UPPER(IF($B19="EDIF",VLOOKUP($C19,[1]EDIF!$A$1:$F$3677,5,0),(IF($B19="INFRA",VLOOKUP($C19,[1]INFRA!$A$1:$F$1859,5,0),(IF($B19="SINAPI",VLOOKUP($C19,[1]SINAPI!$A$1:$G$9552,6,0),(IF($B19="CDHU",VLOOKUP($C19,[1]CDHU!$A$1:$G$5122,7,0),(IF($B19="SIEC",VLOOKUP($C19,[1]SIEC!$A$1:$F$5304,6,0),(IF($B19="DER",VLOOKUP($C19,[1]DER!$A$1:$F$3075,6,0),(IF($B19="FDE",VLOOKUP($C19,[1]FDE!$A$1:$F$3289,6,0),(IF($B19="SICRO",VLOOKUP($C19,[1]SICRO!$A$1:$E$7371,5,0))))))))))))))))) -> SIURB-E JAN/26
C20: - | D20: 20kg por m2 de Cobertura | K20: =K28*20 -> 125.1
C21: - | D21: Cobertura do Hall: 1,05x3,10 | I21: =1.05*3.1 -> 3.255
C22: -
B23: EDIF | C23: 6001031 | D23: =UPPER(IF($B23="EDIF",VLOOKUP($C23,[1]EDIF!$A$1:$F$3677,2,0),(IF($B23="INFRA",VLOOKUP($C23,[1]INFRA!$A$1:$F$1859,2,0),(IF($B23="SINAPI",VLOOKUP($C23,[1]SINAPI!$A$1:$G$9552,2,0),(IF($B23="CDHU",VLOOKUP($C23,[1]CDHU!$A$1:$G$5122,2,0),(IF($B23="SIEC",VLOOKUP($C23,[1]SIEC!$A$1:$F$5304,2,0),(IF($B23="DER",VLOOKUP($C23,[1]DER!$A$1:$F$3075,2,0),(IF($B23="FDE",VLOOKUP($C23,[1]FDE!$A$1:$F$3289,2,0),(IF($B23="SICRO",VLOOKUP($C23,[1]SICRO!$A$1:$E$7371,2,0))))))))))))))))) -> MONTAGEM DE ESTRUTURA METÁLICA PARA COBERTURA | I23: =UPPER(IF($B23="EDIF",VLOOKUP($C23,[1]EDIF!$A$1:$F$3677,3,0),(IF($B23="INFRA",VLOOKUP($C23,[1]INFRA!$A$1:$F$1859,3,0),(IF($B23="SINAPI",VLOOKUP($C23,[1]SINAPI!$A$1:$G$9552,3,0),(IF($B23="CDHU",VLOOKUP($C23,[1]CDHU!$A$1:$G$5122,3,0),(IF($B23="SIEC",VLOOKUP($C23,[1]SIEC!$A$1:$F$5304,3,0),(IF($B23="DER",VLOOKUP($C23,[1]DER!$A$1:$F$2075,3,0),(IF($B23="FDE",VLOOKUP($C23,[1]FDE!$A$1:$F$3289,3,0),(IF($B23="SICRO",VLOOKUP($C23,[1]SICRO!$A$1:$E$7371,3,0))))))))))))))))) -> KG | J23: =SUM(K24) -> 125.1 | L23: =UPPER(ROUND((IF($B23="EDIF",VLOOKUP($C23,[1]EDIF!$A$1:$F$3677,4,0),(IF($B23="INFRA",VLOOKUP($C23,[1]INFRA!$A$1:$F$1859,4,0),(IF($B23="SINAPI",VLOOKUP($C23,[1]SINAPI!$A$1:$G$9552,4,0),(IF($B23="CDHU",VLOOKUP($C23,[1]CDHU!$A$1:$G$5122,6,0),(IF($B23="SIEC",VLOOKUP($C23,[1]SIEC!$A$1:$F$5304,5,0),(IF($B23="DER",VLOOKUP($C23,[1]DER!$A$1:$F$3075,5,0),(IF($B23="FDE",VLOOKUP($C23,[1]FDE!$A$1:$F$3289,5,0),(IF($B23="SICRO",VLOOKUP($C23,[1]SICRO!$A$1:$E$7371,4,0))))))))))))))))),2)) -> 3,65 | M23: =TRUNC(J23*L23,2) -> 456.61 | N23: =C23 -> 6001031 | O23: =UPPER(IF($B23="EDIF",VLOOKUP($C23,[1]EDIF!$A$1:$F$3677,5,0),(IF($B23="INFRA",VLOOKUP($C23,[1]INFRA!$A$1:$F$1859,5,0),(IF($B23="SINAPI",VLOOKUP($C23,[1]SINAPI!$A$1:$G$9552,6,0),(IF($B23="CDHU",VLOOKUP($C23,[1]CDHU!$A$1:$G$5122,7,0),(IF($B23="SIEC",VLOOKUP($C23,[1]SIEC!$A$1:$F$5304,6,0),(IF($B23="DER",VLOOKUP($C23,[1]DER!$A$1:$F$3075,6,0),(IF($B23="FDE",VLOOKUP($C23,[1]FDE!$A$1:$F$3289,6,0),(IF($B23="SICRO",VLOOKUP($C23,[1]SICRO!$A$1:$E$7371,5,0))))))))))))))))) -> SIURB-E JAN/26
C24: - | D24: 20kg por m2 de Cobertura | K24: =K20 -> 125.1
C25: - | D25: Cobertura do Hall: 1,05x3,10 | I25: =1.05*3.1 -> 3.255
C26: -
B27: EDIF | C27: 14001050 | D27: =UPPER(IF($B27="EDIF",VLOOKUP($C27,[1]EDIF!$A$1:$F$3677,2,0),(IF($B27="INFRA",VLOOKUP($C27,[1]INFRA!$A$1:$F$1859,2,0),(IF($B27="SINAPI",VLOOKUP($C27,[1]SINAPI!$A$1:$G$9552,2,0),(IF($B27="CDHU",VLOOKUP($C27,[1]CDHU!$A$1:$G$5122,2,0),(IF($B27="SIEC",VLOOKUP($C27,[1]SIEC!$A$1:$F$5304,2,0),(IF($B27="DER",VLOOKUP($C27,[1]DER!$A$1:$F$3075,2,0),(IF($B27="FDE",VLOOKUP($C27,[1]FDE!$A$1:$F$3289,2,0),(IF($B27="SICRO",VLOOKUP($C27,[1]SICRO!$A$1:$E$7371,2,0))))))))))))))))) -> VIDRO LISO DE SEGURANÇA, TEMPERADO INCOLOR - ESPESSURA 6MM | I27: =UPPER(IF($B27="EDIF",VLOOKUP($C27,[1]EDIF!$A$1:$F$3677,3,0),(IF($B27="INFRA",VLOOKUP($C27,[1]INFRA!$A$1:$F$1859,3,0),(IF($B27="SINAPI",VLOOKUP($C27,[1]SINAPI!$A$1:$G$9552,3,0),(IF($B27="CDHU",VLOOKUP($C27,[1]CDHU!$A$1:$G$5122,3,0),(IF($B27="SIEC",VLOOKUP($C27,[1]SIEC!$A$1:$F$5304,3,0),(IF($B27="DER",VLOOKUP($C27,[1]DER!$A$1:$F$2075,3,0),(IF($B27="FDE",VLOOKUP($C27,[1]FDE!$A$1:$F$3289,3,0),(IF($B27="SICRO",VLOOKUP($C27,[1]SICRO!$A$1:$E$7371,3,0))))))))))))))))) -> M2 | J27: =SUM(K28:K29) -> 6.255 | L27: =UPPER(ROUND((IF($B27="EDIF",VLOOKUP($C27,[1]EDIF!$A$1:$F$3677,4,0),(IF($B27="INFRA",VLOOKUP($C27,[1]INFRA!$A$1:$F$1859,4,0),(IF($B27="SINAPI",VLOOKUP($C27,[1]SINAPI!$A$1:$G$9552,4,0),(IF($B27="CDHU",VLOOKUP($C27,[1]CDHU!$A$1:$G$5122,6,0),(IF($B27="SIEC",VLOOKUP($C27,[1]SIEC!$A$1:$F$5304,5,0),(IF($B27="DER",VLOOKUP($C27,[1]DER!$A$1:$F$3075,5,0),(IF($B27="FDE",VLOOKUP($C27,[1]FDE!$A$1:$F$3289,5,0),(IF($B27="SICRO",VLOOKUP($C27,[1]SICRO!$A$1:$E$7371,4,0))))))))))))))))),2)) -> 388,39 | M27: =TRUNC(J27*L27,2) -> 2429.37 | N27: =C27 -> 14001050 | O27: =UPPER(IF($B27="EDIF",VLOOKUP($C27,[1]EDIF!$A$1:$F$3677,5,0),(IF($B27="INFRA",VLOOKUP($C27,[1]INFRA!$A$1:$F$1859,5,0),(IF($B27="SINAPI",VLOOKUP($C27,[1]SINAPI!$A$1:$G$9552,6,0),(IF($B27="CDHU",VLOOKUP($C27,[1]CDHU!$A$1:$G$5122,7,0),(IF($B27="SIEC",VLOOKUP($C27,[1]SIEC!$A$1:$F$5304,6,0),(IF($B27="DER",VLOOKUP($C27,[1]DER!$A$1:$F$3075,6,0),(IF($B27="FDE",VLOOKUP($C27,[1]FDE!$A$1:$F$3289,6,0),(IF($B27="SICRO",VLOOKUP($C27,[1]SICRO!$A$1:$E$7371,5,0))))))))))))))))) -> SIURB-E JAN/26
C28: - | D28: Cobertura do Elevador: 1,50x1,00 + 1,50x1,00 | K28: =I29+I30 -> 6.255
C29: - | D29: 1,50 + 1,50 | I29: =1.5 + 1.5 -> 3
C30: - | D30: Cobertura do Hall: 1,05x3,10 | I30: =1.05*3.1 -> 3.255
C31: -
B32: EDIF | C32: 10011002 | D32: =UPPER(IF($B32="EDIF",VLOOKUP($C32,[1]EDIF!$A$1:$F$3677,2,0),(IF($B32="INFRA",VLOOKUP($C32,[1]INFRA!$A$1:$F$1859,2,0),(IF($B32="SINAPI",VLOOKUP($C32,[1]SINAPI!$A$1:$G$9552,2,0),(IF($B32="CDHU",VLOOKUP($C32,[1]CDHU!$A$1:$G$5122,2,0),(IF($B32="SIEC",VLOOKUP($C32,[1]SIEC!$A$1:$F$5304,2,0),(IF($B32="DER",VLOOKUP($C32,[1]DER!$A$1:$F$3075,2,0),(IF($B32="FDE",VLOOKUP($C32,[1]FDE!$A$1:$F$3289,2,0),(IF($B32="SICRO",VLOOKUP($C32,[1]SICRO!$A$1:$E$7371,2,0))))))))))))))))) -> CALHA EM CHAPA DE AÇO GALVANIZADO N.24 - DESENVOLVIMENTO 50CM | I32: =UPPER(IF($B32="EDIF",VLOOKUP($C32,[1]EDIF!$A$1:$F$3677,3,0),(IF($B32="INFRA",VLOOKUP($C32,[1]INFRA!$A$1:$F$1859,3,0),(IF($B32="SINAPI",VLOOKUP($C32,[1]SINAPI!$A$1:$G$9552,3,0),(IF($B32="CDHU",VLOOKUP($C32,[1]CDHU!$A$1:$G$5122,3,0),(IF($B32="SIEC",VLOOKUP($C32,[1]SIEC!$A$1:$F$5304,3,0),(IF($B32="DER",VLOOKUP($C32,[1]DER!$A$1:$F$2075,3,0),(IF($B32="FDE",VLOOKUP($C32,[1]FDE!$A$1:$F$3289,3,0),(IF($B32="SICRO",VLOOKUP($C32,[1]SICRO!$A$1:$E$7371,3,0))))))))))))))))) -> M | J32: =SUM(K33) -> 16.2 | L32: =UPPER(ROUND((IF($B32="EDIF",VLOOKUP($C32,[1]EDIF!$A$1:$F$3677,4,0),(IF($B32="INFRA",VLOOKUP($C32,[1]INFRA!$A$1:$F$1859,4,0),(IF($B32="SINAPI",VLOOKUP($C32,[1]SINAPI!$A$1:$G$9552,4,0),(IF($B32="CDHU",VLOOKUP($C32,[1]CDHU!$A$1:$G$5122,6,0),(IF($B32="SIEC",VLOOKUP($C32,[1]SIEC!$A$1:$F$5304,5,0),(IF($B32="DER",VLOOKUP($C32,[1]DER!$A$1:$F$3075,5,0),(IF($B32="FDE",VLOOKUP($C32,[1]FDE!$A$1:$F$3289,5,0),(IF($B32="SICRO",VLOOKUP($C32,[1]SICRO!$A$1:$E$7371,4,0))))))))))))))))),2)) -> 125,73 | M32: =TRUNC(J32*L32,2) -> 2036.82 | N32: =C32 -> 10011002 | O32: =UPPER(IF($B32="EDIF",VLOOKUP($C32,[1]EDIF!$A$1:$F$3677,5,0),(IF($B32="INFRA",VLOOKUP($C32,[1]INFRA!$A$1:$F$1859,5,0),(IF($B32="SINAPI",VLOOKUP($C32,[1]SINAPI!$A$1:$G$9552,6,0),(IF($B32="CDHU",VLOOKUP($C32,[1]CDHU!$A$1:$G$5122,7,0),(IF($B32="SIEC",VLOOKUP($C32,[1]SIEC!$A$1:$F$5304,6,0),(IF($B32="DER",VLOOKUP($C32,[1]DER!$A$1:$F$3075,6,0),(IF($B32="FDE",VLOOKUP($C32,[1]FDE!$A$1:$F$3289,6,0),(IF($B32="SICRO",VLOOKUP($C32,[1]SICRO!$A$1:$E$7371,5,0))))))))))))))))) -> SIURB-E JAN/26
C33: - | D33: Cobertura do Elevador: 1,50+1,50+1,00+1,50+1,50+1,00 | I33: =1.5+1.5+1+1.5+1.5+1 -> 8 | K33: =I33+I34 -> 16.2
C34: - | D34: Cobertura do Hall: 3,10+3,10+1,1+1,1 | I34: =3.1+3.1+1+1 -> 8.2
C35: -
B36: EDIF | C36: 10011033 | D36: =UPPER(IF($B36="EDIF",VLOOKUP($C36,[1]EDIF!$A$1:$F$3677,2,0),(IF($B36="INFRA",VLOOKUP($C36,[1]INFRA!$A$1:$F$1859,2,0),(IF($B36="SINAPI",VLOOKUP($C36,[1]SINAPI!$A$1:$G$9552,2,0),(IF($B36="CDHU",VLOOKUP($C36,[1]CDHU!$A$1:$G$5122,2,0),(IF($B36="SIEC",VLOOKUP($C36,[1]SIEC!$A$1:$F$5304,2,0),(IF($B36="DER",VLOOKUP($C36,[1]DER!$A$1:$F$3075,2,0),(IF($B36="FDE",VLOOKUP($C36,[1]FDE!$A$1:$F$3289,2,0),(IF($B36="SICRO",VLOOKUP($C36,[1]SICRO!$A$1:$E$7371,2,0))))))))))))))))) -> RUFO EM CHAPA DE AÇO GALVANIZADO N.24 - DESENVOLVIMENTO 50CM | I36: =UPPER(IF($B36="EDIF",VLOOKUP($C36,[1]EDIF!$A$1:$F$3677,3,0),(IF($B36="INFRA",VLOOKUP($C36,[1]INFRA!$A$1:$F$1859,3,0),(IF($B36="SINAPI",VLOOKUP($C36,[1]SINAPI!$A$1:$G$9552,3,0),(IF($B36="CDHU",VLOOKUP($C36,[1]CDHU!$A$1:$G$5122,3,0),(IF($B36="SIEC",VLOOKUP($C36,[1]SIEC!$A$1:$F$5304,3,0),(IF($B36="DER",VLOOKUP($C36,[1]DER!$A$1:$F$2075,3,0),(IF($B36="FDE",VLOOKUP($C36,[1]FDE!$A$1:$F$3289,3,0),(IF($B36="SICRO",VLOOKUP($C36,[1]SICRO!$A$1:$E$7371,3,0))))))))))))))))) -> M | J36: =SUM(K37) -> 8.5 | L36: =UPPER(ROUND((IF($B36="EDIF",VLOOKUP($C36,[1]EDIF!$A$1:$F$3677,4,0),(IF($B36="INFRA",VLOOKUP($C36,[1]INFRA!$A$1:$F$1859,4,0),(IF($B36="SINAPI",VLOOKUP($C36,[1]SINAPI!$A$1:$G$9552,4,0),(IF($B36="CDHU",VLOOKUP($C36,[1]CDHU!$A$1:$G$5122,6,0),(IF($B36="SIEC",VLOOKUP($C36,[1]SIEC!$A$1:$F$5304,5,0),(IF($B36="DER",VLOOKUP($C36,[1]DER!$A$1:$F$3075,5,0),(IF($B36="FDE",VLOOKUP($C36,[1]FDE!$A$1:$F$3289,5,0),(IF($B36="SICRO",VLOOKUP($C36,[1]SICRO!$A$1:$E$7371,4,0))))))))))))))))),2)) -> 105,7 | M36: =TRUNC(J36*L36,2) -> 898.45 | N36: =C36 -> 10011033 | O36: =UPPER(IF($B36="EDIF",VLOOKUP($C36,[1]EDIF!$A$1:$F$3677,5,0),(IF($B36="INFRA",VLOOKUP($C36,[1]INFRA!$A$1:$F$1859,5,0),(IF($B36="SINAPI",VLOOKUP($C36,[1]SINAPI!$A$1:$G$9552,6,0),(IF($B36="CDHU",VLOOKUP($C36,[1]CDHU!$A$1:$G$5122,7,0),(IF($B36="SIEC",VLOOKUP($C36,[1]SIEC!$A$1:$F$5304,6,0),(IF($B36="DER",VLOOKUP($C36,[1]DER!$A$1:$F$3075,6,0),(IF($B36="FDE",VLOOKUP($C36,[1]FDE!$A$1:$F$3289,6,0),(IF($B36="SICRO",VLOOKUP($C36,[1]SICRO!$A$1:$E$7371,5,0))))))))))))))))) -> SIURB-E JAN/26
C37: - | D37: Rufo de Proteção 4m | I37: 4 | K37: =I38+I37 -> 8.5
C38: - | D38: Rufo da Cobertura: 0,80+0,80+2,90 | I38: =0.8+0.8+2.9 -> 4.5
C39: -
B40: EDIF | C40: 10012015 | D40: =UPPER(IF($B40="EDIF",VLOOKUP($C40,[1]EDIF!$A$1:$F$3677,2,0),(IF($B40="INFRA",VLOOKUP($C40,[1]INFRA!$A$1:$F$1859,2,0),(IF($B40="SINAPI",VLOOKUP($C40,[1]SINAPI!$A$1:$G$9552,2,0),(IF($B40="CDHU",VLOOKUP($C40,[1]CDHU!$A$1:$G$5122,2,0),(IF($B40="SIEC",VLOOKUP($C40,[1]SIEC!$A$1:$F$5304,2,0),(IF($B40="DER",VLOOKUP($C40,[1]DER!$A$1:$F$3075,2,0),(IF($B40="FDE",VLOOKUP($C40,[1]FDE!$A$1:$F$3289,2,0),(IF($B40="SICRO",VLOOKUP($C40,[1]SICRO!$A$1:$E$7371,2,0))))))))))))))))) -> CONDUTOR EM TUBO DE PVC RÍGIDO, PONTA E BOLSA - 75MM (3") | I40: =UPPER(IF($B40="EDIF",VLOOKUP($C40,[1]EDIF!$A$1:$F$3677,3,0),(IF($B40="INFRA",VLOOKUP($C40,[1]INFRA!$A$1:$F$1859,3,0),(IF($B40="SINAPI",VLOOKUP($C40,[1]SINAPI!$A$1:$G$9552,3,0),(IF($B40="CDHU",VLOOKUP($C40,[1]CDHU!$A$1:$G$5122,3,0),(IF($B40="SIEC",VLOOKUP($C40,[1]SIEC!$A$1:$F$5304,3,0),(IF($B40="DER",VLOOKUP($C40,[1]DER!$A$1:$F$2075,3,0),(IF($B40="FDE",VLOOKUP($C40,[1]FDE!$A$1:$F$3289,3,0),(IF($B40="SICRO",VLOOKUP($C40,[1]SICRO!$A$1:$E$7371,3,0))))))))))))))))) -> M | J40: =SUM(K41) -> 50 | L40: =UPPER(ROUND((IF($B40="EDIF",VLOOKUP($C40,[1]EDIF!$A$1:$F$3677,4,0),(IF($B40="INFRA",VLOOKUP($C40,[1]INFRA!$A$1:$F$1859,4,0),(IF($B40="SINAPI",VLOOKUP($C40,[1]SINAPI!$A$1:$G$9552,4,0),(IF($B40="CDHU",VLOOKUP($C40,[1]CDHU!$A$1:$G$5122,6,0),(IF($B40="SIEC",VLOOKUP($C40,[1]SIEC!$A$1:$F$5304,5,0),(IF($B40="DER",VLOOKUP($C40,[1]DER!$A$1:$F$3075,5,0),(IF($B40="FDE",VLOOKUP($C40,[1]FDE!$A$1:$F$3289,5,0),(IF($B40="SICRO",VLOOKUP($C40,[1]SICRO!$A$1:$E$7371,4,0))))))))))))))))),2)) -> 41,9 | M40: =TRUNC(J40*L40,2) -> 2095 | N40: =C40 -> 10012015 | O40: =UPPER(IF($B40="EDIF",VLOOKUP($C40,[1]EDIF!$A$1:$F$3677,5,0),(IF($B40="INFRA",VLOOKUP($C40,[1]INFRA!$A$1:$F$1859,5,0),(IF($B40="SINAPI",VLOOKUP($C40,[1]SINAPI!$A$1:$G$9552,6,0),(IF($B40="CDHU",VLOOKUP($C40,[1]CDHU!$A$1:$G$5122,7,0),(IF($B40="SIEC",VLOOKUP($C40,[1]SIEC!$A$1:$F$5304,6,0),(IF($B40="DER",VLOOKUP($C40,[1]DER!$A$1:$F$3075,6,0),(IF($B40="FDE",VLOOKUP($C40,[1]FDE!$A$1:$F$3289,6,0),(IF($B40="SICRO",VLOOKUP($C40,[1]SICRO!$A$1:$E$7371,5,0))))))))))))))))) -> SIURB-E JAN/26
C41: - | D41: 1 Tubo por Face tem 6 faces, portanto 6x3m de Altura | K41: =6+6+6+32 -> 50
C42: - | D42: Condutor para Cobertura do Hall: 2m
C43: - | D43: Condutor para Furo no Balaustre: 3m
C44: -
B45: EDIF | C45: 10011076 | D45: =UPPER(IF($B45="EDIF",VLOOKUP($C45,[1]EDIF!$A$1:$F$3677,2,0),(IF($B45="INFRA",VLOOKUP($C45,[1]INFRA!$A$1:$F$1859,2,0),(IF($B45="SINAPI",VLOOKUP($C45,[1]SINAPI!$A$1:$G$9552,2,0),(IF($B45="CDHU",VLOOKUP($C45,[1]CDHU!$A$1:$G$5122,2,0),(IF($B45="SIEC",VLOOKUP($C45,[1]SIEC!$A$1:$F$5304,2,0),(IF($B45="DER",VLOOKUP($C45,[1]DER!$A$1:$F$3075,2,0),(IF($B45="FDE",VLOOKUP($C45,[1]FDE!$A$1:$F$3289,2,0),(IF($B45="SICRO",VLOOKUP($C45,[1]SICRO!$A$1:$E$7371,2,0))))))))))))))))) -> CANALETA MEIA CANA EM CONCRETO D=30CM | I45: =UPPER(IF($B45="EDIF",VLOOKUP($C45,[1]EDIF!$A$1:$F$3677,3,0),(IF($B45="INFRA",VLOOKUP($C45,[1]INFRA!$A$1:$F$1859,3,0),(IF($B45="SINAPI",VLOOKUP($C45,[1]SINAPI!$A$1:$G$9552,3,0),(IF($B45="CDHU",VLOOKUP($C45,[1]CDHU!$A$1:$G$5122,3,0),(IF($B45="SIEC",VLOOKUP($C45,[1]SIEC!$A$1:$F$5304,3,0),(IF($B45="DER",VLOOKUP($C45,[1]DER!$A$1:$F$2075,3,0),(IF($B45="FDE",VLOOKUP($C45,[1]FDE!$A$1:$F$3289,3,0),(IF($B45="SICRO",VLOOKUP($C45,[1]SICRO!$A$1:$E$7371,3,0))))))))))))))))) -> M | J45: =SUM(K46) -> 4 | L45: =UPPER(ROUND((IF($B45="EDIF",VLOOKUP($C45,[1]EDIF!$A$1:$F$3677,4,0),(IF($B45="INFRA",VLOOKUP($C45,[1]INFRA!$A$1:$F$1859,4,0),(IF($B45="SINAPI",VLOOKUP($C45,[1]SINAPI!$A$1:$G$9552,4,0),(IF($B45="CDHU",VLOOKUP($C45,[1]CDHU!$A$1:$G$5122,6,0),(IF($B45="SIEC",VLOOKUP($C45,[1]SIEC!$A$1:$F$5304,5,0),(IF($B45="DER",VLOOKUP($C45,[1]DER!$A$1:$F$3075,5,0),(IF($B45="FDE",VLOOKUP($C45,[1]FDE!$A$1:$F$3289,5,0),(IF($B45="SICRO",VLOOKUP($C45,[1]SICRO!$A$1:$E$7371,4,0))))))))))))))))),2)) -> 74,4 | M45: =TRUNC(J45*L45,2) -> 297.6 | N45: =C45 -> 10011076 | O45: =UPPER(IF($B45="EDIF",VLOOKUP($C45,[1]EDIF!$A$1:$F$3677,5,0),(IF($B45="INFRA",VLOOKUP($C45,[1]INFRA!$A$1:$F$1859,5,0),(IF($B45="SINAPI",VLOOKUP($C45,[1]SINAPI!$A$1:$G$9552,6,0),(IF($B45="CDHU",VLOOKUP($C45,[1]CDHU!$A$1:$G$5122,7,0),(IF($B45="SIEC",VLOOKUP($C45,[1]SIEC!$A$1:$F$5304,6,0),(IF($B45="DER",VLOOKUP($C45,[1]DER!$A$1:$F$3075,6,0),(IF($B45="FDE",VLOOKUP($C45,[1]FDE!$A$1:$F$3289,6,0),(IF($B45="SICRO",VLOOKUP($C45,[1]SICRO!$A$1:$E$7371,5,0))))))))))))))))) -> SIURB-E JAN/26
C46: - | D46: 4m de Construção de Canaleta | K46: =4 -> 4
C47: -
B48: FDE | C48: 06.03.062 | D48: =UPPER(IF($B48="EDIF",VLOOKUP($C48,[1]EDIF!$A$1:$F$3677,2,0),(IF($B48="INFRA",VLOOKUP($C48,[1]INFRA!$A$1:$F$1859,2,0),(IF($B48="SINAPI",VLOOKUP($C48,[1]SINAPI!$A$1:$G$9552,2,0),(IF($B48="CDHU",VLOOKUP($C48,[1]CDHU!$A$1:$G$5122,2,0),(IF($B48="SIEC",VLOOKUP($C48,[1]SIEC!$A$1:$F$5304,2,0),(IF($B48="DER",VLOOKUP($C48,[1]DER!$A$1:$F$3075,2,0),(IF($B48="FDE",VLOOKUP($C48,[1]FDE!$A$1:$F$3289,2,0),(IF($B48="SICRO",VLOOKUP($C48,[1]SICRO!$A$1:$E$7371,2,0))))))))))))))))) -> CO-28 CORRIMÃO DUPLO COM MONTANTE VERTICAL AÇO INOX FORNECIDO E INSTALADO | I48: =UPPER(IF($B48="EDIF",VLOOKUP($C48,[1]EDIF!$A$1:$F$3677,3,0),(IF($B48="INFRA",VLOOKUP($C48,[1]INFRA!$A$1:$F$1859,3,0),(IF($B48="SINAPI",VLOOKUP($C48,[1]SINAPI!$A$1:$G$9552,3,0),(IF($B48="CDHU",VLOOKUP($C48,[1]CDHU!$A$1:$G$5122,3,0),(IF($B48="SIEC",VLOOKUP($C48,[1]SIEC!$A$1:$F$5304,3,0),(IF($B48="DER",VLOOKUP($C48,[1]DER!$A$1:$F$2075,3,0),(IF($B48="FDE",VLOOKUP($C48,[1]FDE!$A$1:$F$3289,3,0),(IF($B48="SICRO",VLOOKUP($C48,[1]SICRO!$A$1:$E$7371,3,0))))))))))))))))) -> M | J48: =SUM(K49) -> 3.72 | L48: =UPPER(ROUND((IF($B48="EDIF",VLOOKUP($C48,[1]EDIF!$A$1:$F$3677,4,0),(IF($B48="INFRA",VLOOKUP($C48,[1]INFRA!$A$1:$F$1859,4,0),(IF($B48="SINAPI",VLOOKUP($C48,[1]SINAPI!$A$1:$G$9552,4,0),(IF($B48="CDHU",VLOOKUP($C48,[1]CDHU!$A$1:$G$5122,6,0),(IF($B48="SIEC",VLOOKUP($C48,[1]SIEC!$A$1:$F$5304,5,0),(IF($B48="DER",VLOOKUP($C48,[1]DER!$A$1:$F$3075,5,0),(IF($B48="FDE",VLOOKUP($C48,[1]FDE!$A$1:$F$3289,5,0),(IF($B48="SICRO",VLOOKUP($C48,[1]SICRO!$A$1:$E$7371,4,0))))))))))))))))),2)) -> 836,05 | M48: =TRUNC(J48*L48,2) -> 3110.1 | N48: =C48 -> 06.03.062 | O48: =UPPER(IF($B48="EDIF",VLOOKUP($C48,[1]EDIF!$A$1:$F$3677,5,0),(IF($B48="INFRA",VLOOKUP($C48,[1]INFRA!$A$1:$F$1859,5,0),(IF($B48="SINAPI",VLOOKUP($C48,[1]SINAPI!$A$1:$G$9552,6,0),(IF($B48="CDHU",VLOOKUP($C48,[1]CDHU!$A$1:$G$5122,7,0),(IF($B48="SIEC",VLOOKUP($C48,[1]SIEC!$A$1:$F$5304,6,0),(IF($B48="DER",VLOOKUP($C48,[1]DER!$A$1:$F$3075,6,0),(IF($B48="FDE",VLOOKUP($C48,[1]FDE!$A$1:$F$3289,6,0),(IF($B48="SICRO",VLOOKUP($C48,[1]SICRO!$A$1:$E$7371,5,0))))))))))))))))) -> FDE ABR/26
C49: - | D49: 1,86+1,86 | I49: =1.86+1.86 -> 3.72 | K49: =I49 -> 3.72
C50: -
B51: EDIF | C51: 4001035 | D51: =UPPER(IF($B51="EDIF",VLOOKUP($C51,[1]EDIF!$A$1:$F$3677,2,0),(IF($B51="INFRA",VLOOKUP($C51,[1]INFRA!$A$1:$F$1859,2,0),(IF($B51="SINAPI",VLOOKUP($C51,[1]SINAPI!$A$1:$G$9552,2,0),(IF($B51="CDHU",VLOOKUP($C51,[1]CDHU!$A$1:$G$5122,2,0),(IF($B51="SIEC",VLOOKUP($C51,[1]SIEC!$A$1:$F$5304,2,0),(IF($B51="DER",VLOOKUP($C51,[1]DER!$A$1:$F$3075,2,0),(IF($B51="FDE",VLOOKUP($C51,[1]FDE!$A$1:$F$3289,2,0),(IF($B51="SICRO",VLOOKUP($C51,[1]SICRO!$A$1:$E$7371,2,0))))))))))))))))) -> VB.02 - ALVENARIA EM BLOCOS DE CONCRETO ESTRUTURAL 19 X 19 X 39CM - 8MPA | I51: =UPPER(IF($B51="EDIF",VLOOKUP($C51,[1]EDIF!$A$1:$F$3677,3,0),(IF($B51="INFRA",VLOOKUP($C51,[1]INFRA!$A$1:$F$1859,3,0),(IF($B51="SINAPI",VLOOKUP($C51,[1]SINAPI!$A$1:$G$9552,3,0),(IF($B51="CDHU",VLOOKUP($C51,[1]CDHU!$A$1:$G$5122,3,0),(IF($B51="SIEC",VLOOKUP($C51,[1]SIEC!$A$1:$F$5304,3,0),(IF($B51="DER",VLOOKUP($C51,[1]DER!$A$1:$F$2075,3,0),(IF($B51="FDE",VLOOKUP($C51,[1]FDE!$A$1:$F$3289,3,0),(IF($B51="SICRO",VLOOKUP($C51,[1]SICRO!$A$1:$E$7371,3,0))))))))))))))))) -> M2 | J51: =SUM(K52) -> 2.915 | L51: =UPPER(ROUND((IF($B51="EDIF",VLOOKUP($C51,[1]EDIF!$A$1:$F$3677,4,0),(IF($B51="INFRA",VLOOKUP($C51,[1]INFRA!$A$1:$F$1859,4,0),(IF($B51="SINAPI",VLOOKUP($C51,[1]SINAPI!$A$1:$G$9552,4,0),(IF($B51="CDHU",VLOOKUP($C51,[1]CDHU!$A$1:$G$5122,6,0),(IF($B51="SIEC",VLOOKUP($C51,[1]SIEC!$A$1:$F$5304,5,0),(IF($B51="DER",VLOOKUP($C51,[1]DER!$A$1:$F$3075,5,0),(IF($B51="FDE",VLOOKUP($C51,[1]FDE!$A$1:$F$3289,5,0),(IF($B51="SICRO",VLOOKUP($C51,[1]SICRO!$A$1:$E$7371,4,0))))))))))))))))),2)) -> 157,87 | M51: =TRUNC(J51*L51,2) -> 460.19 | N51: =C51 -> 4001035 | O51: =UPPER(IF($B51="EDIF",VLOOKUP($C51,[1]EDIF!$A$1:$F$3677,5,0),(IF($B51="INFRA",VLOOKUP($C51,[1]INFRA!$A$1:$F$1859,5,0),(IF($B51="SINAPI",VLOOKUP($C51,[1]SINAPI!$A$1:$G$9552,6,0),(IF($B51="CDHU",VLOOKUP($C51,[1]CDHU!$A$1:$G$5122,7,0),(IF($B51="SIEC",VLOOKUP($C51,[1]SIEC!$A$1:$F$5304,6,0),(IF($B51="DER",VLOOKUP($C51,[1]DER!$A$1:$F$3075,6,0),(IF($B51="FDE",VLOOKUP($C51,[1]FDE!$A$1:$F$3289,6,0),(IF($B51="SICRO",VLOOKUP($C51,[1]SICRO!$A$1:$E$7371,5,0))))))))))))))))) -> SIURB-E JAN/26
C52: - | D52: Murinho pra deixar mais alto: 0,35x0,90 + 1,70x0,90 | K52: =I53+D53 -> 2.915
C53: - | D53: =0.35*0.9 -> 0.315 | I53: =1.7+0.9 -> 2.6
C54: -
B55: EDIF | C55: 11001001 | D55: =UPPER(IF($B55="EDIF",VLOOKUP($C55,[1]EDIF!$A$1:$F$3677,2,0),(IF($B55="INFRA",VLOOKUP($C55,[1]INFRA!$A$1:$F$1859,2,0),(IF($B55="SINAPI",VLOOKUP($C55,[1]SINAPI!$A$1:$G$9552,2,0),(IF($B55="CDHU",VLOOKUP($C55,[1]CDHU!$A$1:$G$5122,2,0),(IF($B55="SIEC",VLOOKUP($C55,[1]SIEC!$A$1:$F$5304,2,0),(IF($B55="DER",VLOOKUP($C55,[1]DER!$A$1:$F$3075,2,0),(IF($B55="FDE",VLOOKUP($C55,[1]FDE!$A$1:$F$3289,2,0),(IF($B55="SICRO",VLOOKUP($C55,[1]SICRO!$A$1:$E$7371,2,0))))))))))))))))) -> CHAPISCO COMUM - ARGAMASSA DE CIMENTO E AREIA 1:3 | I55: =UPPER(IF($B55="EDIF",VLOOKUP($C55,[1]EDIF!$A$1:$F$3677,3,0),(IF($B55="INFRA",VLOOKUP($C55,[1]INFRA!$A$1:$F$1859,3,0),(IF($B55="SINAPI",VLOOKUP($C55,[1]SINAPI!$A$1:$G$9552,3,0),(IF($B55="CDHU",VLOOKUP($C55,[1]CDHU!$A$1:$G$5122,3,0),(IF($B55="SIEC",VLOOKUP($C55,[1]SIEC!$A$1:$F$5304,3,0),(IF($B55="DER",VLOOKUP($C55,[1]DER!$A$1:$F$2075,3,0),(IF($B55="FDE",VLOOKUP($C55,[1]FDE!$A$1:$F$3289,3,0),(IF($B55="SICRO",VLOOKUP($C55,[1]SICRO!$A$1:$E$7371,3,0))))))))))))))))) -> M2 | J55: =SUM(K56) -> 5.83 | L55: =UPPER(ROUND((IF($B55="EDIF",VLOOKUP($C55,[1]EDIF!$A$1:$F$3677,4,0),(IF($B55="INFRA",VLOOKUP($C55,[1]INFRA!$A$1:$F$1859,4,0),(IF($B55="SINAPI",VLOOKUP($C55,[1]SINAPI!$A$1:$G$9552,4,0),(IF($B55="CDHU",VLOOKUP($C55,[1]CDHU!$A$1:$G$5122,6,0),(IF($B55="SIEC",VLOOKUP($C55,[1]SIEC!$A$1:$F$5304,5,0),(IF($B55="DER",VLOOKUP($C55,[1]DER!$A$1:$F$3075,5,0),(IF($B55="FDE",VLOOKUP($C55,[1]FDE!$A$1:$F$3289,5,0),(IF($B55="SICRO",VLOOKUP($C55,[1]SICRO!$A$1:$E$7371,4,0))))))))))))))))),2)) -> 19,29 | M55: =TRUNC(J55*L55,2) -> 112.46 | N55: =C55 -> 11001001 | O55: =UPPER(IF($B55="EDIF",VLOOKUP($C55,[1]EDIF!$A$1:$F$3677,5,0),(IF($B55="INFRA",VLOOKUP($C55,[1]INFRA!$A$1:$F$1859,5,0),(IF($B55="SINAPI",VLOOKUP($C55,[1]SINAPI!$A$1:$G$9552,6,0),(IF($B55="CDHU",VLOOKUP($C55,[1]CDHU!$A$1:$G$5122,7,0),(IF($B55="SIEC",VLOOKUP($C55,[1]SIEC!$A$1:$F$5304,6,0),(IF($B55="DER",VLOOKUP($C55,[1]DER!$A$1:$F$3075,6,0),(IF($B55="FDE",VLOOKUP($C55,[1]FDE!$A$1:$F$3289,6,0),(IF($B55="SICRO",VLOOKUP($C55,[1]SICRO!$A$1:$E$7371,5,0))))))))))))))))) -> SIURB-E JAN/26
C56: - | K56: =K52*2 -> 5.83
C57: -
B58: EDIF | C58: 11001009 | D58: =UPPER(IF($B58="EDIF",VLOOKUP($C58,[1]EDIF!$A$1:$F$3677,2,0),(IF($B58="INFRA",VLOOKUP($C58,[1]INFRA!$A$1:$F$1859,2,0),(IF($B58="SINAPI",VLOOKUP($C58,[1]SINAPI!$A$1:$G$9552,2,0),(IF($B58="CDHU",VLOOKUP($C58,[1]CDHU!$A$1:$G$5122,2,0),(IF($B58="SIEC",VLOOKUP($C58,[1]SIEC!$A$1:$F$5304,2,0),(IF($B58="DER",VLOOKUP($C58,[1]DER!$A$1:$F$3075,2,0),(IF($B58="FDE",VLOOKUP($C58,[1]FDE!$A$1:$F$3289,2,0),(IF($B58="SICRO",VLOOKUP($C58,[1]SICRO!$A$1:$E$7371,2,0))))))))))))))))) -> EMBOÇO DESEMPENADO PARA PINTURA - ARGAMASSA MISTA CIMENTO, CAL E AREIA 1:3/12 | I58: =UPPER(IF($B58="EDIF",VLOOKUP($C58,[1]EDIF!$A$1:$F$3677,3,0),(IF($B58="INFRA",VLOOKUP($C58,[1]INFRA!$A$1:$F$1859,3,0),(IF($B58="SINAPI",VLOOKUP($C58,[1]SINAPI!$A$1:$G$9552,3,0),(IF($B58="CDHU",VLOOKUP($C58,[1]CDHU!$A$1:$G$5122,3,0),(IF($B58="SIEC",VLOOKUP($C58,[1]SIEC!$A$1:$F$5304,3,0),(IF($B58="DER",VLOOKUP($C58,[1]DER!$A$1:$F$2075,3,0),(IF($B58="FDE",VLOOKUP($C58,[1]FDE!$A$1:$F$3289,3,0),(IF($B58="SICRO",VLOOKUP($C58,[1]SICRO!$A$1:$E$7371,3,0))))))))))))))))) -> M2 | J58: =SUM(K59) -> 5.83 | L58: =UPPER(ROUND((IF($B58="EDIF",VLOOKUP($C58,[1]EDIF!$A$1:$F$3677,4,0),(IF($B58="INFRA",VLOOKUP($C58,[1]INFRA!$A$1:$F$1859,4,0),(IF($B58="SINAPI",VLOOKUP($C58,[1]SINAPI!$A$1:$G$9552,4,0),(IF($B58="CDHU",VLOOKUP($C58,[1]CDHU!$A$1:$G$5122,6,0),(IF($B58="SIEC",VLOOKUP($C58,[1]SIEC!$A$1:$F$5304,5,0),(IF($B58="DER",VLOOKUP($C58,[1]DER!$A$1:$F$3075,5,0),(IF($B58="FDE",VLOOKUP($C58,[1]FDE!$A$1:$F$3289,5,0),(IF($B58="SICRO",VLOOKUP($C58,[1]SICRO!$A$1:$E$7371,4,0))))))))))))))))),2)) -> 55,22 | M58: =TRUNC(J58*L58,2) -> 321.93 | N58: =C58 -> 11001009 | O58: =UPPER(IF($B58="EDIF",VLOOKUP($C58,[1]EDIF!$A$1:$F$3677,5,0),(IF($B58="INFRA",VLOOKUP($C58,[1]INFRA!$A$1:$F$1859,5,0),(IF($B58="SINAPI",VLOOKUP($C58,[1]SINAPI!$A$1:$G$9552,6,0),(IF($B58="CDHU",VLOOKUP($C58,[1]CDHU!$A$1:$G$5122,7,0),(IF($B58="SIEC",VLOOKUP($C58,[1]SIEC!$A$1:$F$5304,6,0),(IF($B58="DER",VLOOKUP($C58,[1]DER!$A$1:$F$3075,6,0),(IF($B58="FDE",VLOOKUP($C58,[1]FDE!$A$1:$F$3289,6,0),(IF($B58="SICRO",VLOOKUP($C58,[1]SICRO!$A$1:$E$7371,5,0))))))))))))))))) -> SIURB-E JAN/26
C59: - | K59: =K56 -> 5.83
C60: -
C61: + | D61: 3 - CORREÇÃO DAS INFILTRAÇÕES
B62: EDIF | C62: 6080001 | D62: =UPPER(IF($B62="EDIF",VLOOKUP($C62,[1]EDIF!$A$1:$F$3677,2,0),(IF($B62="INFRA",VLOOKUP($C62,[1]INFRA!$A$1:$F$1859,2,0),(IF($B62="SINAPI",VLOOKUP($C62,[1]SINAPI!$A$1:$G$9552,2,0),(IF($B62="CDHU",VLOOKUP($C62,[1]CDHU!$A$1:$G$5122,2,0),(IF($B62="SIEC",VLOOKUP($C62,[1]SIEC!$A$1:$F$5304,2,0),(IF($B62="DER",VLOOKUP($C62,[1]DER!$A$1:$F$3075,2,0),(IF($B62="FDE",VLOOKUP($C62,[1]FDE!$A$1:$F$3289,2,0),(IF($B62="SICRO",VLOOKUP($C62,[1]SICRO!$A$1:$E$7371,2,0))))))))))))))))) -> REVISÃO GERAL DE TELHADOS DE BARRO, INCLUSIVE TOMADA DE GOTEIRA | I62: =UPPER(IF($B62="EDIF",VLOOKUP($C62,[1]EDIF!$A$1:$F$3677,3,0),(IF($B62="INFRA",VLOOKUP($C62,[1]INFRA!$A$1:$F$1859,3,0),(IF($B62="SINAPI",VLOOKUP($C62,[1]SINAPI!$A$1:$G$9552,3,0),(IF($B62="CDHU",VLOOKUP($C62,[1]CDHU!$A$1:$G$5122,3,0),(IF($B62="SIEC",VLOOKUP($C62,[1]SIEC!$A$1:$F$5304,3,0),(IF($B62="DER",VLOOKUP($C62,[1]DER!$A$1:$F$2075,3,0),(IF($B62="FDE",VLOOKUP($C62,[1]FDE!$A$1:$F$3289,3,0),(IF($B62="SICRO",VLOOKUP($C62,[1]SICRO!$A$1:$E$7371,3,0))))))))))))))))) -> M2 | J62: =SUM(K63) -> 328 | L62: =UPPER(ROUND((IF($B62="EDIF",VLOOKUP($C62,[1]EDIF!$A$1:$F$3677,4,0),(IF($B62="INFRA",VLOOKUP($C62,[1]INFRA!$A$1:$F$1859,4,0),(IF($B62="SINAPI",VLOOKUP($C62,[1]SINAPI!$A$1:$G$9552,4,0),(IF($B62="CDHU",VLOOKUP($C62,[1]CDHU!$A$1:$G$5122,6,0),(IF($B62="SIEC",VLOOKUP($C62,[1]SIEC!$A$1:$F$5304,5,0),(IF($B62="DER",VLOOKUP($C62,[1]DER!$A$1:$F$3075,5,0),(IF($B62="FDE",VLOOKUP($C62,[1]FDE!$A$1:$F$3289,5,0),(IF($B62="SICRO",VLOOKUP($C62,[1]SICRO!$A$1:$E$7371,4,0))))))))))))))))),2)) -> 11,02 | M62: =TRUNC(J62*L62,2) -> 3614.56 | N62: =C62 -> 6080001 | O62: =UPPER(IF($B62="EDIF",VLOOKUP($C62,[1]EDIF!$A$1:$F$3677,5,0),(IF($B62="INFRA",VLOOKUP($C62,[1]INFRA!$A$1:$F$1859,5,0),(IF($B62="SINAPI",VLOOKUP($C62,[1]SINAPI!$A$1:$G$9552,6,0),(IF($B62="CDHU",VLOOKUP($C62,[1]CDHU!$A$1:$G$5122,7,0),(IF($B62="SIEC",VLOOKUP($C62,[1]SIEC!$A$1:$F$5304,6,0),(IF($B62="DER",VLOOKUP($C62,[1]DER!$A$1:$F$3075,6,0),(IF($B62="FDE",VLOOKUP($C62,[1]FDE!$A$1:$F$3289,6,0),(IF($B62="SICRO",VLOOKUP($C62,[1]SICRO!$A$1:$E$7371,5,0))))))))))))))))) -> SIURB-E JAN/26
C63: - | D63: Revisão de Telhado Ambiente 9 e Palco: 29,71m2 | K63: 328
C64: -
B65: EDIF | C65: 6002005 | D65: =UPPER(IF($B65="EDIF",VLOOKUP($C65,[1]EDIF!$A$1:$F$3677,2,0),(IF($B65="INFRA",VLOOKUP($C65,[1]INFRA!$A$1:$F$1859,2,0),(IF($B65="SINAPI",VLOOKUP($C65,[1]SINAPI!$A$1:$G$9552,2,0),(IF($B65="CDHU",VLOOKUP($C65,[1]CDHU!$A$1:$G$5122,2,0),(IF($B65="SIEC",VLOOKUP($C65,[1]SIEC!$A$1:$F$5304,2,0),(IF($B65="DER",VLOOKUP($C65,[1]DER!$A$1:$F$3075,2,0),(IF($B65="FDE",VLOOKUP($C65,[1]FDE!$A$1:$F$3289,2,0),(IF($B65="SICRO",VLOOKUP($C65,[1]SICRO!$A$1:$E$7371,2,0))))))))))))))))) -> TELHAS DE BARRO COZIDO - FRANCESA | I65: =UPPER(IF($B65="EDIF",VLOOKUP($C65,[1]EDIF!$A$1:$F$3677,3,0),(IF($B65="INFRA",VLOOKUP($C65,[1]INFRA!$A$1:$F$1859,3,0),(IF($B65="SINAPI",VLOOKUP($C65,[1]SINAPI!$A$1:$G$9552,3,0),(IF($B65="CDHU",VLOOKUP($C65,[1]CDHU!$A$1:$G$5122,3,0),(IF($B65="SIEC",VLOOKUP($C65,[1]SIEC!$A$1:$F$5304,3,0),(IF($B65="DER",VLOOKUP($C65,[1]DER!$A$1:$F$2075,3,0),(IF($B65="FDE",VLOOKUP($C65,[1]FDE!$A$1:$F$3289,3,0),(IF($B65="SICRO",VLOOKUP($C65,[1]SICRO!$A$1:$E$7371,3,0))))))))))))))))) -> M2 | J65: =SUM(K66) -> 32.8 | L65: =UPPER(ROUND((IF($B65="EDIF",VLOOKUP($C65,[1]EDIF!$A$1:$F$3677,4,0),(IF($B65="INFRA",VLOOKUP($C65,[1]INFRA!$A$1:$F$1859,4,0),(IF($B65="SINAPI",VLOOKUP($C65,[1]SINAPI!$A$1:$G$9552,4,0),(IF($B65="CDHU",VLOOKUP($C65,[1]CDHU!$A$1:$G$5122,6,0),(IF($B65="SIEC",VLOOKUP($C65,[1]SIEC!$A$1:$F$5304,5,0),(IF($B65="DER",VLOOKUP($C65,[1]DER!$A$1:$F$3075,5,0),(IF($B65="FDE",VLOOKUP($C65,[1]FDE!$A$1:$F$3289,5,0),(IF($B65="SICRO",VLOOKUP($C65,[1]SICRO!$A$1:$E$7371,4,0))))))))))))))))),2)) -> 109,11 | M65: =TRUNC(J65*L65,2) -> 3578.8 | N65: =C65 -> 6002005 | O65: =UPPER(IF($B65="EDIF",VLOOKUP($C65,[1]EDIF!$A$1:$F$3677,5,0),(IF($B65="INFRA",VLOOKUP($C65,[1]INFRA!$A$1:$F$1859,5,0),(IF($B65="SINAPI",VLOOKUP($C65,[1]SINAPI!$A$1:$G$9552,6,0),(IF($B65="CDHU",VLOOKUP($C65,[1]CDHU!$A$1:$G$5122,7,0),(IF($B65="SIEC",VLOOKUP($C65,[1]SIEC!$A$1:$F$5304,6,0),(IF($B65="DER",VLOOKUP($C65,[1]DER!$A$1:$F$3075,6,0),(IF($B65="FDE",VLOOKUP($C65,[1]FDE!$A$1:$F$3289,6,0),(IF($B65="SICRO",VLOOKUP($C65,[1]SICRO!$A$1:$E$7371,5,0))))))))))))))))) -> SIURB-E JAN/26
C66: - | D66: Troca de Telhas Ambiente 9 e Palco: 29,71x0,30 | I66: =29.7*0.3 -> 8.91 | K66: =K63*0.1 -> 32.8
C67: -
C68: + | D68: 4 - PINTURA
B69: EDIF | C69: 15050003 | D69: =UPPER(IF($B69="EDIF",VLOOKUP($C69,[1]EDIF!$A$1:$F$3677,2,0),(IF($B69="INFRA",VLOOKUP($C69,[1]INFRA!$A$1:$F$1859,2,0),(IF($B69="SINAPI",VLOOKUP($C69,[1]SINAPI!$A$1:$G$9552,2,0),(IF($B69="CDHU",VLOOKUP($C69,[1]CDHU!$A$1:$G$5122,2,0),(IF($B69="SIEC",VLOOKUP($C69,[1]SIEC!$A$1:$F$5304,2,0),(IF($B69="DER",VLOOKUP($C69,[1]DER!$A$1:$F$3075,2,0),(IF($B69="FDE",VLOOKUP($C69,[1]FDE!$A$1:$F$3289,2,0),(IF($B69="SICRO",VLOOKUP($C69,[1]SICRO!$A$1:$E$7371,2,0))))))))))))))))) -> REMOÇÃO DE PINTURA EM ALVENARIA E CONCRETO - LIXA | I69: =UPPER(IF($B69="EDIF",VLOOKUP($C69,[1]EDIF!$A$1:$F$3677,3,0),(IF($B69="INFRA",VLOOKUP($C69,[1]INFRA!$A$1:$F$1859,3,0),(IF($B69="SINAPI",VLOOKUP($C69,[1]SINAPI!$A$1:$G$9552,3,0),(IF($B69="CDHU",VLOOKUP($C69,[1]CDHU!$A$1:$G$5122,3,0),(IF($B69="SIEC",VLOOKUP($C69,[1]SIEC!$A$1:$F$5304,3,0),(IF($B69="DER",VLOOKUP($C69,[1]DER!$A$1:$F$2075,3,0),(IF($B69="FDE",VLOOKUP($C69,[1]FDE!$A$1:$F$3289,3,0),(IF($B69="SICRO",VLOOKUP($C69,[1]SICRO!$A$1:$E$7371,3,0))))))))))))))))) -> M2 | J69: =SUM(K70) -> 2097.345 | L69: =UPPER(ROUND((IF($B69="EDIF",VLOOKUP($C69,[1]EDIF!$A$1:$F$3677,4,0),(IF($B69="INFRA",VLOOKUP($C69,[1]INFRA!$A$1:$F$1859,4,0),(IF($B69="SINAPI",VLOOKUP($C69,[1]SINAPI!$A$1:$G$9552,4,0),(IF($B69="CDHU",VLOOKUP($C69,[1]CDHU!$A$1:$G$5122,6,0),(IF($B69="SIEC",VLOOKUP($C69,[1]SIEC!$A$1:$F$5304,5,0),(IF($B69="DER",VLOOKUP($C69,[1]DER!$A$1:$F$3075,5,0),(IF($B69="FDE",VLOOKUP($C69,[1]FDE!$A$1:$F$3289,5,0),(IF($B69="SICRO",VLOOKUP($C69,[1]SICRO!$A$1:$E$7371,4,0))))))))))))))))),2)) -> 7,8 | M69: =TRUNC(J69*L69,2) -> 16359.29 | N69: =C69 -> 15050003 | O69: =UPPER(IF($B69="EDIF",VLOOKUP($C69,[1]EDIF!$A$1:$F$3677,5,0),(IF($B69="INFRA",VLOOKUP($C69,[1]INFRA!$A$1:$F$1859,5,0),(IF($B69="SINAPI",VLOOKUP($C69,[1]SINAPI!$A$1:$G$9552,6,0),(IF($B69="CDHU",VLOOKUP($C69,[1]CDHU!$A$1:$G$5122,7,0),(IF($B69="SIEC",VLOOKUP($C69,[1]SIEC!$A$1:$F$5304,6,0),(IF($B69="DER",VLOOKUP($C69,[1]DER!$A$1:$F$3075,6,0),(IF($B69="FDE",VLOOKUP($C69,[1]FDE!$A$1:$F$3289,6,0),(IF($B69="SICRO",VLOOKUP($C69,[1]SICRO!$A$1:$E$7371,5,0))))))))))))))))) -> SIURB-E JAN/26
C70: - | D70: Pintura Externa: 18,40+4,95+2,60+2,98+1,85+4,48+3,15+4,13+5,05+5,90+4,35+4,20+5,85+2,30 | I70: =(18.4+4.95+2.6+2.98+1.85+4.48+3.15+4.13+5.05+5.9+4.35+4.2+5.85+2.3+10.3+7.31+4.25+3.66+2.05+2.45+2.6)*4 -> 411.24 | K70: =I71+I82+I83+I84+I86 -> 2097.345
C71: - | D71: 10,30+7,31+4,25+3,66+2,05+2,45+2,60 | I71: =I70*1.3 -> 534.612
C72: - | D72: Pintura Interna:
C73: - | D73: 4,51+1,10+0,68+0,53+0,66+3,10+1,01+0,35+0,26+0,76+0,60+1,31+1,31+0,45+0,41+0,45+4,64 | I73: =(4.51+1.1+0.68+0.53+0.66+3.1+1.01+0.35+0.26+0.76+0.6+1.31+1.31+0.45+0.41+0.45+4.64)*3.5 -> 77.455
C74: - | D74: 2,03+1,62+3,80+4,17+3,57+5,17+5,63+1,60+1,43+1,49+1,47+1,83+6,07+4,07+2,30+1,50+0,15+ | I74: =(2.03+1.62+3.8+4.17+3.57+5.17+5.63+1.6+1.43+1.49+1.47+1.83+6.07+4.07+2.3+1.5+0.15)*3.5 -> 167.65
C75: - | D75: 0,30+3,35+0,35+1,35+2,52+0,85+1,51+3,20+2,53+1,20+0,95+3,12+2,87+0,72+2,40+4,20+2,57 | I75: =(0.3+3.35+0.35+1.35+2.52+0.85+1.51+3.2+2.53+1.2+0.95+3.12+2.87+0.72+2.4+4.2+2.57)*3.5 -> 118.965
C76: - | D76: 2,52+3,53+2,53+1,68+0,80+2,52+1,95+0,45+0,90+0,55+0,94+1,50+1,97+2,10+3,40+2,30+1,87 | I76: =(2.52+3.53+2.53+1.68+0.8+2.52+1.95+0.45+0.9+0.55+0.94+1.5+1.97+2.1+3.4+2.3+1.87)*3.5 -> 110.285
C77: - | D77: 0,90+0,98+1,91+1,88+1,49+2,65+1,93+3,42+2,40+1,57+2,96+3,66+5,55+1,79+0,52+3,53+2,15 | I77: =(0.9+0.98+1.91+1.88+1.49+2.65+1.93+3.42+2.4+1.57+2.96+3.66+5.55+1.79+0.52+3.53+2.15)*3.5 -> 137.515
C78: - | D78: 3,46+0,85+0,4+0,85+0,85 | I78: =(3.46+0.85+0.4+0.85+0.85)*3 -> 19.23
C79: - | D79: 5,25+5,00+3,52+1,35+1,53+1,73+1,71+1,05+3,73 - é o redondo subindo a escada (h 5m | I79: =(5.25+5+3.52+1.35+1.53+1.73+1.71+1.05+3.73)*5 -> 124.35
C80: - | D80: 0,71+1,51+2,03+2,30+0,58+5,15+0,62+5,15+2,47+5,13+2,47 | I80: =(0.71+1.51+2.03+2.3+0.58+5.15+0.62+5.15+2.47+5.13+2.47)*3 -> 84.36
C81: - | I81: =SUM(I73:I80) -> 839.81
C82: - | I82: =I81*1.3 -> 1091.753
C83: - | D83: Tetos: 28,10+86,66+20,57+44,90+15,45 | I83: =28.1+86.66+20.57+44.9+15.45 -> 195.68
C84: - | D84: Pintura da paredinha da Secretaria da Cultura: 200m2 | I84: =200 -> 200
C85: -
C86: - | D86: Linear de parede: 4,95+2,55+1,30+1,20+0,75+2,20+4,57+3,95+1,65+1,98 | I86: 75.3
C87: - | D87: 25,10 Linear x Pé Direito de 3m | I87: =75.3 -> 75.3
C88: -
B89: EDIF | C89: 15001010 | D89: =UPPER(IF($B89="EDIF",VLOOKUP($C89,[1]EDIF!$A$1:$F$3677,2,0),(IF($B89="INFRA",VLOOKUP($C89,[1]INFRA!$A$1:$F$1859,2,0),(IF($B89="SINAPI",VLOOKUP($C89,[1]SINAPI!$A$1:$G$9552,2,0),(IF($B89="CDHU",VLOOKUP($C89,[1]CDHU!$A$1:$G$5122,2,0),(IF($B89="SIEC",VLOOKUP($C89,[1]SIEC!$A$1:$F$5304,2,0),(IF($B89="DER",VLOOKUP($C89,[1]DER!$A$1:$F$3075,2,0),(IF($B89="FDE",VLOOKUP($C89,[1]FDE!$A$1:$F$3289,2,0),(IF($B89="SICRO",VLOOKUP($C89,[1]SICRO!$A$1:$E$7371,2,0))))))))))))))))) -> TINTA PVA (LÁTEX) - CONCRETO OU REBOCO SEM MASSA CORRIDA | I89: =UPPER(IF($B89="EDIF",VLOOKUP($C89,[1]EDIF!$A$1:$F$3677,3,0),(IF($B89="INFRA",VLOOKUP($C89,[1]INFRA!$A$1:$F$1859,3,0),(IF($B89="SINAPI",VLOOKUP($C89,[1]SINAPI!$A$1:$G$9552,3,0),(IF($B89="CDHU",VLOOKUP($C89,[1]CDHU!$A$1:$G$5122,3,0),(IF($B89="SIEC",VLOOKUP($C89,[1]SIEC!$A$1:$F$5304,3,0),(IF($B89="DER",VLOOKUP($C89,[1]DER!$A$1:$F$2075,3,0),(IF($B89="FDE",VLOOKUP($C89,[1]FDE!$A$1:$F$3289,3,0),(IF($B89="SICRO",VLOOKUP($C89,[1]SICRO!$A$1:$E$7371,3,0))))))))))))))))) -> M2 | J89: =SUM(K90) -> 1562.733 | L89: =UPPER(ROUND((IF($B89="EDIF",VLOOKUP($C89,[1]EDIF!$A$1:$F$3677,4,0),(IF($B89="INFRA",VLOOKUP($C89,[1]INFRA!$A$1:$F$1859,4,0),(IF($B89="SINAPI",VLOOKUP($C89,[1]SINAPI!$A$1:$G$9552,4,0),(IF($B89="CDHU",VLOOKUP($C89,[1]CDHU!$A$1:$G$5122,6,0),(IF($B89="SIEC",VLOOKUP($C89,[1]SIEC!$A$1:$F$5304,5,0),(IF($B89="DER",VLOOKUP($C89,[1]DER!$A$1:$F$3075,5,0),(IF($B89="FDE",VLOOKUP($C89,[1]FDE!$A$1:$F$3289,5,0),(IF($B89="SICRO",VLOOKUP($C89,[1]SICRO!$A$1:$E$7371,4,0))))))))))))))))),2)) -> 18,13 | M89: =TRUNC(J89*L89,2) -> 28332.34 | N89: =C89 -> 15001010 | O89: =UPPER(IF($B89="EDIF",VLOOKUP($C89,[1]EDIF!$A$1:$F$3677,5,0),(IF($B89="INFRA",VLOOKUP($C89,[1]INFRA!$A$1:$F$1859,5,0),(IF($B89="SINAPI",VLOOKUP($C89,[1]SINAPI!$A$1:$G$9552,6,0),(IF($B89="CDHU",VLOOKUP($C89,[1]CDHU!$A$1:$G$5122,7,0),(IF($B89="SIEC",VLOOKUP($C89,[1]SIEC!$A$1:$F$5304,6,0),(IF($B89="DER",VLOOKUP($C89,[1]DER!$A$1:$F$3075,6,0),(IF($B89="FDE",VLOOKUP($C89,[1]FDE!$A$1:$F$3289,6,0),(IF($B89="SICRO",VLOOKUP($C89,[1]SICRO!$A$1:$E$7371,5,0))))))))))))))))) -> SIURB-E JAN/26
C90: - | D90: Pintura Interna: | K90: =I82+I84+I83+I86 -> 1562.733
C91: -
B92: EDIF | C92: 15001011 | D92: =UPPER(IF($B92="EDIF",VLOOKUP($C92,[1]EDIF!$A$1:$F$3677,2,0),(IF($B92="INFRA",VLOOKUP($C92,[1]INFRA!$A$1:$F$1859,2,0),(IF($B92="SINAPI",VLOOKUP($C92,[1]SINAPI!$A$1:$G$9552,2,0),(IF($B92="CDHU",VLOOKUP($C92,[1]CDHU!$A$1:$G$5122,2,0),(IF($B92="SIEC",VLOOKUP($C92,[1]SIEC!$A$1:$F$5304,2,0),(IF($B92="DER",VLOOKUP($C92,[1]DER!$A$1:$F$3075,2,0),(IF($B92="FDE",VLOOKUP($C92,[1]FDE!$A$1:$F$3289,2,0),(IF($B92="SICRO",VLOOKUP($C92,[1]SICRO!$A$1:$E$7371,2,0))))))))))))))))) -> TINTA PVA (LÁTEX) - REBOCO COM MASSA CORRIDA | I92: =UPPER(IF($B92="EDIF",VLOOKUP($C92,[1]EDIF!$A$1:$F$3677,3,0),(IF($B92="INFRA",VLOOKUP($C92,[1]INFRA!$A$1:$F$1859,3,0),(IF($B92="SINAPI",VLOOKUP($C92,[1]SINAPI!$A$1:$G$9552,3,0),(IF($B92="CDHU",VLOOKUP($C92,[1]CDHU!$A$1:$G$5122,3,0),(IF($B92="SIEC",VLOOKUP($C92,[1]SIEC!$A$1:$F$5304,3,0),(IF($B92="DER",VLOOKUP($C92,[1]DER!$A$1:$F$2075,3,0),(IF($B92="FDE",VLOOKUP($C92,[1]FDE!$A$1:$F$3289,3,0),(IF($B92="SICRO",VLOOKUP($C92,[1]SICRO!$A$1:$E$7371,3,0))))))))))))))))) -> M2 | J92: =SUM(K93) -> 75.3 | L92: =UPPER(ROUND((IF($B92="EDIF",VLOOKUP($C92,[1]EDIF!$A$1:$F$3677,4,0),(IF($B92="INFRA",VLOOKUP($C92,[1]INFRA!$A$1:$F$1859,4,0),(IF($B92="SINAPI",VLOOKUP($C92,[1]SINAPI!$A$1:$G$9552,4,0),(IF($B92="CDHU",VLOOKUP($C92,[1]CDHU!$A$1:$G$5122,6,0),(IF($B92="SIEC",VLOOKUP($C92,[1]SIEC!$A$1:$F$5304,5,0),(IF($B92="DER",VLOOKUP($C92,[1]DER!$A$1:$F$3075,5,0),(IF($B92="FDE",VLOOKUP($C92,[1]FDE!$A$1:$F$3289,5,0),(IF($B92="SICRO",VLOOKUP($C92,[1]SICRO!$A$1:$E$7371,4,0))))))))))))))))),2)) -> 44,12 | M92: =TRUNC(J92*L92,2) -> 3322.23 | N92: =C92 -> 15001011 | O92: =UPPER(IF($B92="EDIF",VLOOKUP($C92,[1]EDIF!$A$1:$F$3677,5,0),(IF($B92="INFRA",VLOOKUP($C92,[1]INFRA!$A$1:$F$1859,5,0),(IF($B92="SINAPI",VLOOKUP($C92,[1]SINAPI!$A$1:$G$9552,6,0),(IF($B92="CDHU",VLOOKUP($C92,[1]CDHU!$A$1:$G$5122,7,0),(IF($B92="SIEC",VLOOKUP($C92,[1]SIEC!$A$1:$F$5304,6,0),(IF($B92="DER",VLOOKUP($C92,[1]DER!$A$1:$F$3075,6,0),(IF($B92="FDE",VLOOKUP($C92,[1]FDE!$A$1:$F$3289,6,0),(IF($B92="SICRO",VLOOKUP($C92,[1]SICRO!$A$1:$E$7371,5,0))))))))))))))))) -> SIURB-E JAN/26
C93: - | D93: Pintura dos Pontos com infiltração: 75,03m | K93: =I86 -> 75.3
C94: -
B95: EDIF | C95: 15001015 | D95: =UPPER(IF($B95="EDIF",VLOOKUP($C95,[1]EDIF!$A$1:$F$3677,2,0),(IF($B95="INFRA",VLOOKUP($C95,[1]INFRA!$A$1:$F$1859,2,0),(IF($B95="SINAPI",VLOOKUP($C95,[1]SINAPI!$A$1:$G$9552,2,0),(IF($B95="CDHU",VLOOKUP($C95,[1]CDHU!$A$1:$G$5122,2,0),(IF($B95="SIEC",VLOOKUP($C95,[1]SIEC!$A$1:$F$5304,2,0),(IF($B95="DER",VLOOKUP($C95,[1]DER!$A$1:$F$3075,2,0),(IF($B95="FDE",VLOOKUP($C95,[1]FDE!$A$1:$F$3289,2,0),(IF($B95="SICRO",VLOOKUP($C95,[1]SICRO!$A$1:$E$7371,2,0))))))))))))))))) -> TINTA ACRÍLICA - CONCRETO OU REBOCO SEM MASSA CORRIDA | I95: =UPPER(IF($B95="EDIF",VLOOKUP($C95,[1]EDIF!$A$1:$F$3677,3,0),(IF($B95="INFRA",VLOOKUP($C95,[1]INFRA!$A$1:$F$1859,3,0),(IF($B95="SINAPI",VLOOKUP($C95,[1]SINAPI!$A$1:$G$9552,3,0),(IF($B95="CDHU",VLOOKUP($C95,[1]CDHU!$A$1:$G$5122,3,0),(IF($B95="SIEC",VLOOKUP($C95,[1]SIEC!$A$1:$F$5304,3,0),(IF($B95="DER",VLOOKUP($C95,[1]DER!$A$1:$F$2075,3,0),(IF($B95="FDE",VLOOKUP($C95,[1]FDE!$A$1:$F$3289,3,0),(IF($B95="SICRO",VLOOKUP($C95,[1]SICRO!$A$1:$E$7371,3,0))))))))))))))))) -> M2 | J95: =SUM(K96) -> 534.612 | L95: =UPPER(ROUND((IF($B95="EDIF",VLOOKUP($C95,[1]EDIF!$A$1:$F$3677,4,0),(IF($B95="INFRA",VLOOKUP($C95,[1]INFRA!$A$1:$F$1859,4,0),(IF($B95="SINAPI",VLOOKUP($C95,[1]SINAPI!$A$1:$G$9552,4,0),(IF($B95="CDHU",VLOOKUP($C95,[1]CDHU!$A$1:$G$5122,6,0),(IF($B95="SIEC",VLOOKUP($C95,[1]SIEC!$A$1:$F$5304,5,0),(IF($B95="DER",VLOOKUP($C95,[1]DER!$A$1:$F$3075,5,0),(IF($B95="FDE",VLOOKUP($C95,[1]FDE!$A$1:$F$3289,5,0),(IF($B95="SICRO",VLOOKUP($C95,[1]SICRO!$A$1:$E$7371,4,0))))))))))))))))),2)) -> 19,17 | M95: =TRUNC(J95*L95,2) -> 10248.51 | N95: =C95 -> 15001015 | O95: =UPPER(IF($B95="EDIF",VLOOKUP($C95,[1]EDIF!$A$1:$F$3677,5,0),(IF($B95="INFRA",VLOOKUP($C95,[1]INFRA!$A$1:$F$1859,5,0),(IF($B95="SINAPI",VLOOKUP($C95,[1]SINAPI!$A$1:$G$9552,6,0),(IF($B95="CDHU",VLOOKUP($C95,[1]CDHU!$A$1:$G$5122,7,0),(IF($B95="SIEC",VLOOKUP($C95,[1]SIEC!$A$1:$F$5304,6,0),(IF($B95="DER",VLOOKUP($C95,[1]DER!$A$1:$F$3075,6,0),(IF($B95="FDE",VLOOKUP($C95,[1]FDE!$A$1:$F$3289,6,0),(IF($B95="SICRO",VLOOKUP($C95,[1]SICRO!$A$1:$E$7371,5,0))))))))))))))))) -> SIURB-E JAN/26
C96: - | D96: Pintura Externa | K96: =I71 -> 534.612
C97: -
B98: EDIF | C98: 15002060 | D98: =UPPER(IF($B98="EDIF",VLOOKUP($C98,[1]EDIF!$A$1:$F$3677,2,0),(IF($B98="INFRA",VLOOKUP($C98,[1]INFRA!$A$1:$F$1859,2,0),(IF($B98="SINAPI",VLOOKUP($C98,[1]SINAPI!$A$1:$G$9552,2,0),(IF($B98="CDHU",VLOOKUP($C98,[1]CDHU!$A$1:$G$5122,2,0),(IF($B98="SIEC",VLOOKUP($C98,[1]SIEC!$A$1:$F$5304,2,0),(IF($B98="DER",VLOOKUP($C98,[1]DER!$A$1:$F$3075,2,0),(IF($B98="FDE",VLOOKUP($C98,[1]FDE!$A$1:$F$3289,2,0),(IF($B98="SICRO",VLOOKUP($C98,[1]SICRO!$A$1:$E$7371,2,0))))))))))))))))) -> VERNIZ A BASE DE POLIURETANO TIPO "MARÍTIMO" - ESQUADRIAS E PEÇAS DE MARCENARIA | I98: =UPPER(IF($B98="EDIF",VLOOKUP($C98,[1]EDIF!$A$1:$F$3677,3,0),(IF($B98="INFRA",VLOOKUP($C98,[1]INFRA!$A$1:$F$1859,3,0),(IF($B98="SINAPI",VLOOKUP($C98,[1]SINAPI!$A$1:$G$9552,3,0),(IF($B98="CDHU",VLOOKUP($C98,[1]CDHU!$A$1:$G$5122,3,0),(IF($B98="SIEC",VLOOKUP($C98,[1]SIEC!$A$1:$F$5304,3,0),(IF($B98="DER",VLOOKUP($C98,[1]DER!$A$1:$F$2075,3,0),(IF($B98="FDE",VLOOKUP($C98,[1]FDE!$A$1:$F$3289,3,0),(IF($B98="SICRO",VLOOKUP($C98,[1]SICRO!$A$1:$E$7371,3,0))))))))))))))))) -> M2 | J98: =SUM(K99) -> 105.626 | L98: =UPPER(ROUND((IF($B98="EDIF",VLOOKUP($C98,[1]EDIF!$A$1:$F$3677,4,0),(IF($B98="INFRA",VLOOKUP($C98,[1]INFRA!$A$1:$F$1859,4,0),(IF($B98="SINAPI",VLOOKUP($C98,[1]SINAPI!$A$1:$G$9552,4,0),(IF($B98="CDHU",VLOOKUP($C98,[1]CDHU!$A$1:$G$5122,6,0),(IF($B98="SIEC",VLOOKUP($C98,[1]SIEC!$A$1:$F$5304,5,0),(IF($B98="DER",VLOOKUP($C98,[1]DER!$A$1:$F$3075,5,0),(IF($B98="FDE",VLOOKUP($C98,[1]FDE!$A$1:$F$3289,5,0),(IF($B98="SICRO",VLOOKUP($C98,[1]SICRO!$A$1:$E$7371,4,0))))))))))))))))),2)) -> 30,91 | M98: =TRUNC(J98*L98,2) -> 3264.89 | N98: =C98 -> 15002060 | O98: =UPPER(IF($B98="EDIF",VLOOKUP($C98,[1]EDIF!$A$1:$F$3677,5,0),(IF($B98="INFRA",VLOOKUP($C98,[1]INFRA!$A$1:$F$1859,5,0),(IF($B98="SINAPI",VLOOKUP($C98,[1]SINAPI!$A$1:$G$9552,6,0),(IF($B98="CDHU",VLOOKUP($C98,[1]CDHU!$A$1:$G$5122,7,0),(IF($B98="SIEC",VLOOKUP($C98,[1]SIEC!$A$1:$F$5304,6,0),(IF($B98="DER",VLOOKUP($C98,[1]DER!$A$1:$F$3075,6,0),(IF($B98="FDE",VLOOKUP($C98,[1]FDE!$A$1:$F$3289,6,0),(IF($B98="SICRO",VLOOKUP($C98,[1]SICRO!$A$1:$E$7371,5,0))))))))))))))))) -> SIURB-E JAN/26
C99: - | D99: Janelas de Madeira: 1,65+1,40+1,40+1,40+1,40+1,15+1,15+1,15+1,00+1,60+2,15+1,00+0,52 | I99: =(1.65+1.4+1.4+1.4+1.4+1.15+1.15+1.15+1+1.6+2.15+1+0.52+0.52+0.52)*1.3*2 -> 46.826 | K99: =I99+I101+I102 -> 105.626
C100: - | D100: 0,52+0,52
C101: - | D101: Portas de Madeira: 0,80x2,10 2 Lados 7x - Portas Duplas: 6x 1,40x2,10 | I101: =0.8*2.1*7*2 -> 23.52
C102: - | I102: =1.4*2.1*6*2 -> 35.28
C103: -
B104: EDIF | C104: 15002010 | D104: =UPPER(IF($B104="EDIF",VLOOKUP($C104,[1]EDIF!$A$1:$F$3677,2,0),(IF($B104="INFRA",VLOOKUP($C104,[1]INFRA!$A$1:$F$1859,2,0),(IF($B104="SINAPI",VLOOKUP($C104,[1]SINAPI!$A$1:$G$9552,2,0),(IF($B104="CDHU",VLOOKUP($C104,[1]CDHU!$A$1:$G$5122,2,0),(IF($B104="SIEC",VLOOKUP($C104,[1]SIEC!$A$1:$F$5304,2,0),(IF($B104="DER",VLOOKUP($C104,[1]DER!$A$1:$F$3075,2,0),(IF($B104="FDE",VLOOKUP($C104,[1]FDE!$A$1:$F$3289,2,0),(IF($B104="SICRO",VLOOKUP($C104,[1]SICRO!$A$1:$E$7371,2,0))))))))))))))))) -> ESMALTE SINTÉTICO - ESQUADRIAS E PEÇAS DE MARCENARIA, SEM EMASSAMENTO | I104: =UPPER(IF($B104="EDIF",VLOOKUP($C104,[1]EDIF!$A$1:$F$3677,3,0),(IF($B104="INFRA",VLOOKUP($C104,[1]INFRA!$A$1:$F$1859,3,0),(IF($B104="SINAPI",VLOOKUP($C104,[1]SINAPI!$A$1:$G$9552,3,0),(IF($B104="CDHU",VLOOKUP($C104,[1]CDHU!$A$1:$G$5122,3,0),(IF($B104="SIEC",VLOOKUP($C104,[1]SIEC!$A$1:$F$5304,3,0),(IF($B104="DER",VLOOKUP($C104,[1]DER!$A$1:$F$2075,3,0),(IF($B104="FDE",VLOOKUP($C104,[1]FDE!$A$1:$F$3289,3,0),(IF($B104="SICRO",VLOOKUP($C104,[1]SICRO!$A$1:$E$7371,3,0))))))))))))))))) -> M2 | J104: =SUM(K105) -> 16.8 | L104: =UPPER(ROUND((IF($B104="EDIF",VLOOKUP($C104,[1]EDIF!$A$1:$F$3677,4,0),(IF($B104="INFRA",VLOOKUP($C104,[1]INFRA!$A$1:$F$1859,4,0),(IF($B104="SINAPI",VLOOKUP($C104,[1]SINAPI!$A$1:$G$9552,4,0),(IF($B104="CDHU",VLOOKUP($C104,[1]CDHU!$A$1:$G$5122,6,0),(IF($B104="SIEC",VLOOKUP($C104,[1]SIEC!$A$1:$F$5304,5,0),(IF($B104="DER",VLOOKUP($C104,[1]DER!$A$1:$F$3075,5,0),(IF($B104="FDE",VLOOKUP($C104,[1]FDE!$A$1:$F$3289,5,0),(IF($B104="SICRO",VLOOKUP($C104,[1]SICRO!$A$1:$E$7371,4,0))))))))))))))))),2)) -> 38,64 | M104: =TRUNC(J104*L104,2) -> 649.15 | N104: =C104 -> 15002010 | O104: =UPPER(IF($B104="EDIF",VLOOKUP($C104,[1]EDIF!$A$1:$F$3677,5,0),(IF($B104="INFRA",VLOOKUP($C104,[1]INFRA!$A$1:$F$1859,5,0),(IF($B104="SINAPI",VLOOKUP($C104,[1]SINAPI!$A$1:$G$9552,6,0),(IF($B104="CDHU",VLOOKUP($C104,[1]CDHU!$A$1:$G$5122,7,0),(IF($B104="SIEC",VLOOKUP($C104,[1]SIEC!$A$1:$F$5304,6,0),(IF($B104="DER",VLOOKUP($C104,[1]DER!$A$1:$F$3075,6,0),(IF($B104="FDE",VLOOKUP($C104,[1]FDE!$A$1:$F$3289,6,0),(IF($B104="SICRO",VLOOKUP($C104,[1]SICRO!$A$1:$E$7371,5,0))))))))))))))))) -> SIURB-E JAN/26
...

Sheet Planilha
C4: PLANILHA ORÇAMENTÁRIA
E6: OBRA: MELHORIAS NO CASTELO ZENKER | F6: Data base: | G6: SIURB JAN/26 | H6: CDHU MAI/26 | I6: SINAPI JUN/26
E7: R. do Castelo, 25 - Jardim do Castelo, Ferraz de Vasconcelos - SP | G7: FDE ABR/26
B8: Referência | C8: Referência | D8: Item | E8: Descrição | F8: Unid | G8: Quantidade | H8: Preço Unit | I8: Total
E9: 1 - SERVIÇOS PRELIMINARES
C10: EDIF | D10: 17030002 | E10: PLACA DE OBRA EM CHAPA DE AÇO GALVANIZADO | F10: M2 | G10: 6
C11: EDIF | D11: 17045001 | E11: ANDAIMES METÁLICOS - FORNECIMENTO | F11: M3XMÊS | G11: 432
C12: EDIF | D12: 17045002 | E12: ANDAIMES METÁLICOS - MONTAGEM E DESMONTAGEM | F12: M3 | G12: 72
H13: Subtotal: | I13: =SUM(I10:I12) -> 0
E14: 2 - ADEQUAÇÕES NA REGIÃO DO ELEVADOR E HALL DE ENTRADA
C15: EDIF | D15: 6001030 | E15: FORNECIMENTO DE ESTRUTURA METÁLICA PARA COBERTURA | F15: KG | G15: 125.1
C16: EDIF | D16: 6001031 | E16: MONTAGEM DE ESTRUTURA METÁLICA PARA COBERTURA | F16: KG | G16: 125.1
C17: EDIF | D17: 14001050 | E17: VIDRO LISO DE SEGURANÇA, TEMPERADO INCOLOR - ESPESSURA 6MM | F17: M2 | G17: 6.255
C18: EDIF | D18: 10011002 | E18: CALHA EM CHAPA DE AÇO GALVANIZADO N.24 - DESENVOLVIMENTO 50CM | F18: M | G18: 16.2
C19: EDIF | D19: 10011033 | E19: RUFO EM CHAPA DE AÇO GALVANIZADO N.24 - DESENVOLVIMENTO 50CM | F19: M | G19: 8.5
C20: EDIF | D20: 10012015 | E20: CONDUTOR EM TUBO DE PVC RÍGIDO, PONTA E BOLSA - 75MM (3") | F20: M | G20: 50
C21: EDIF | D21: 10011076 | E21: CANALETA MEIA CANA EM CONCRETO D=30CM | F21: M | G21: 4
C22: FDE | D22: 06.03.062 | E22: CO-28 CORRIMÃO DUPLO COM MONTANTE VERTICAL AÇO INOX FORNECIDO E INSTALADO | F22: M | G22: 3.72
C23: EDIF | D23: 4001035 | E23: VB.02 - ALVENARIA EM BLOCOS DE CONCRETO ESTRUTURAL 19 X 19 X 39CM - 8MPA | F23: M2 | G23: 2.915
C24: EDIF | D24: 11001001 | E24: CHAPISCO COMUM - ARGAMASSA DE CIMENTO E AREIA 1:3 | F24: M2 | G24: 5.83
C25: EDIF | D25: 11001009 | E25: EMBOÇO DESEMPENADO PARA PINTURA - ARGAMASSA MISTA CIMENTO, CAL E AREIA 1:3/12 | F25: M2 | G25: 5.83
H26: Subtotal: | I26: =SUM(I15:I25) -> 0
E27: 3 - CORREÇÃO DAS INFILTRAÇÕES
C28: EDIF | D28: 6080001 | E28: REVISÃO GERAL DE TELHADOS DE BARRO, INCLUSIVE TOMADA DE GOTEIRA | F28: M2 | G28: 328
C29: EDIF | D29: 6002005 | E29: TELHAS DE BARRO COZIDO - FRANCESA | F29: M2 | G29: 32.8
H30: Subtotal: | I30: =SUM(I28:I29) -> 0
E31: 4 - PINTURA
C32: EDIF | D32: 15050003 | E32: REMOÇÃO DE PINTURA EM ALVENARIA E CONCRETO - LIXA | F32: M2 | G32: 2097.345
C33: EDIF | D33: 15001010 | E33: TINTA PVA (LÁTEX) - CONCRETO OU REBOCO SEM MASSA CORRIDA | F33: M2 | G33: 1562.733
C34: EDIF | D34: 15001011 | E34: TINTA PVA (LÁTEX) - REBOCO COM MASSA CORRIDA | F34: M2 | G34: 75.3
C35: EDIF | D35: 15001015 | E35: TINTA ACRÍLICA - CONCRETO OU REBOCO SEM MASSA CORRIDA | F35: M2 | G35: 534.612
C36: EDIF | D36: 15002060 | E36: VERNIZ A BASE DE POLIURETANO TIPO "MARÍTIMO" - ESQUADRIAS E PEÇAS DE MARCENARIA | F36: M2 | G36: 105.626
C37: EDIF | D37: 15002010 | E37: ESMALTE SINTÉTICO - ESQUADRIAS E PEÇAS DE MARCENARIA, SEM EMASSAMENTO | F37: M2 | G37: 16.8
C38: EDIF | D38: 15003010 | E38: ESMALTE SINTÉTICO - ESQUADRIAS E PEÇAS DE SERRALHERIA | F38: M2 | G38: 27.22
C39: EDIF | D39: 11080006 | E39: REPAROS EM REBOCO - ARGAMASSA DE CAL E AREIA 1:2 | F39: M2 | G39: 95
E41: 5 - PISOS
C42: EDIF | D42: 13060012 | E42: RETIRADA DE SOALHO DE MADEIRA, EXCLUSIVE VIGAMENTO | F42: M2 | G42: 53.475
C43: EDIF | D43: 13050030 | E43: DEMOLIÇÃO DE RODAPÉS EM GERAL, INCLUSIVE ARGAMASSA DE ASSENTAMENTO | F43: M | G43: 24.74
C44: EDIF | D44: 13002013 | E44: CONTRAPISO CONVENCIONAL COM ESPESSURA ATÉ 4 CM | F44: M2 | G44: 53.475
C45: CDHU | D45: 18.08.062 | E45: REVESTIMENTO EM PORCELANATO ESMALTADO POLIDO PARA ÁREA INTERNA E AMBIENTE COM TRÁFEGO MÉDIO, GRUPO DE ABSORÇÃO BIA, ASSENTADO COM ARGAMASSA COLANTE INDUSTRIALIZADA, REJUNTADO | F45: M2 | G45: 53.475
C46: CDHU | D46: 18.08.072 | E46: RODAPÉ EM PORCELANATO ESMALTADO POLIDO PARA ÁREA INTERNA E AMBIENTE COM TRÁFEGO MÉDIO, GRUPO DE ABSORÇÃO BIA, ASSENTADO COM ARGAMASSA COLANTE INDUSTRIALIZADA, REJUNTADO | F46: M | G46: 30.68
C47: EDIF | D47: 17004014 | E47: LIMPEZA E LAVAGEM DE PISO POR HIDROJATEAMENTO | F47: M2 | G47: 142.14
C48: EDIF | D48: 13080071 | E48: RESINA EPÓXI PARA PISO GRANILITE | F48: M2 | G48: 142.14
C49: EDIF | D49: 5001043 | E49: PINTURA PROTETORA COM TINTA BETUMINOSA (PARA ARGAMASSA IMPERMEÁVEL) - 2 DEMÃOS | F49: M2 | G49: 18.62
C50: EDIF | D50: 17002042 | E50: NC.27 - PASSEIO DE CONCRETO, FCK=25MPA, INCLUINDO PREPARO DA CAIXA E LASTRO DE BRITA | F50: M3 | G50: 0.325
C51: EDIF | D51: 13002002 | E51: CIMENTADO COMUM, DESEMPENADO E ALISADO - ESPESSURA 20MM | F51: M2 | G51: 233.398
H52: Subtotal: | I52: =SUM(I42:I51) -> 0
E53: 6 - ESQUADRIAS
C54: CDHU | D54: 24.02.040 | E54: PORTA/PORTÃO TIPO GRADIL SOB MEDIDA | F54: M2 | G54: 2.34
C55: CDHU | D55: 23.08.244 | E55: PORTA ARTICULADA EM MDF REVESTIDA COM LAMINADO MELAMÍNICO, BATENTE EM ALUMÍNIO - COMPLETA | F55: M2 | G55: 4.872
C56: CDHU | D56: 25.01.080 | E56: CAIXILHO DE CORRER EM ALUMÍNIO ANODIZADO, SOB MEDIDA | F56: M2 | G56: 29.656
C57: EDIF | D57: 14001050 | E57: VIDRO LISO DE SEGURANÇA, TEMPERADO INCOLOR - ESPESSURA 6MM | F57: M2 | G57: 29.656
H58: Subtotal: | I58: =SUM(I54:I57) -> 0
E59: 7 - INSTALAÇÕES ELÉTRICAS
C60: EDIF | D60: 9052013 | E60: REMOÇÃO DE LUMINÁRIA EXTERNA INSTALADA EM BRAÇO DE FERRO | F60: UN | G60: 4
C61: CDHU | D61: 04.17.020 | E61: REMOÇÃO DE APARELHO DE ILUMINAÇÃO OU PROJETOR FIXO EM TETO, PISO OU PAREDE | F61: UN | G61: 44
C62: EDIF | D62: 9009039 | E62: PROJETOR PARA USO EXTERNO COM LÂMPADA LED DE 150W - COMPLETA | F62: UN | G62: 5
C63: FDE | D63: 09.09.018 | E63: IL-104 ARANDELA ALUMÍNIO INCLINADA 45º BLINDADA LÂMPADA BULBO LED <= 13W | F63: UN | G63: 44
C64: COTAÇÃO | D64: COT - 1 | E64: LUSTRE TIPO MARIA TEREZA COM 6 BRAÇOS | F64: UN | G64: 1
C65: CDHU | D65: 41.04.050 | E65: TRILHO ELETRIFICADO DE ALIMENTAÇÃO COM 1 CIRCUITO, EM ALUMÍNIO COM PINTURA NA COR BRANCO, INCLUSIVE ACESSÓRIOS | F65: M | G65: 31.5
C66: CDHU | D66: 41.02.580 | E66: LÂMPADA LED 13,5W, COM BASE E-27, 1400 ATÉ 1510 LM | F66: UN | G66: 63
C67: CDHU | D67: 41.31.070 | E67: LUMINÁRIA LED QUADRADA DE SOBREPOR COM DIFUSOR PRISMÁTICO TRANSLÚCIDO, 4000 K, FLUXO LUMINOSO DE 1363 A 1800 LM, POTÊNCIA DE 15 W A 24 W | F67: UN | G67: 2
C68: CDHU | D68: 43.05.030 | E68: EXAUSTOR ELÉTRICO EM PLÁSTICO, VAZÃO DE 150 A 190M³/H | F68: UN | G68: 1
C69: CDHU | D69: 40.04.470 | E69: CONJUNTO 2 TOMADAS 2P+T DE 10 A, COMPLETO | F69: CJ | G69: 2
C70: CDHU | D70: 40.05.020 | E70: INTERRUPTOR SIMPLES COM 1 TECLA E PLACA | F70: CJ | G70: 2
C71: EDIF | D71: 9002011 | E71: ELETRODUTO DE AÇO GALVANIZADO ELETROLÍTICO, TIPO LEVE I - 3/4" | F71: M | G71: 15
C72: EDIF | D72: 9002055 | E72: ELETRODUTO DE PVC CORRUGADO REFORÇADO, ANTICHAMA - 25MM (3/4") | F72: M | G72: 15
C73: EDIF | D73: 9003005 | E73: CABO 2,50MM2 - ISOLAMENTO PARA 0,7KV - CLASSE 4 - FLEXÍVEL | F73: M | G73: 600
H74: Subtotal: | I74: =SUM(I60:I73) -> 0
E75: 8 - SERVIÇOS COMPLEMENTARES
C76: EDIF | D76: 10060035 | E76: RETIRADA DE APARELHOS SANITÁRIOS, INCLUSIVE ACESSÓRIOS | F76: UN | G76: 1
C77: CDHU | D77: 44.01.240 | E77: LAVATÓRIO EM LOUÇA COM COLUNA SUSPENSA | F77: UN | G77: 1
C78: EDIF | D78: 10011077 | E78: CANALETA MEIA CANA EM CONCRETO D=40CM | F78: M | G78: 8.05
C79: EDIF | D79: 3040024 | E79: LIXAMENTO MECÂNICO EM SUPERFÍCIES DE CONCRETO | F79: M2 | G79: 5
C80: CDHU | D80: 22.20.050 | E80: MOLDURA DE GESSO SIMPLES, LARGURA ATÉ 6,0CM | F80: M | G80: 66.26
C81: EDIF | D81: 12001040 | E81: FORRO DE GESSO COMUM - PLACA CONVENCIONAL (FORNECIMENTO E INSTALAÇÃO) | F81: M2 | G81: 10
C82: SINAPI | D82: 98749 | E82: SOLDA DE TOPO EM CHAPA/PERFIL/TUBO DE AÇO CHANFRADO, ESPESSURA=5/16''. AF_06/2018 | F82: M | G82: 3
C83: SICRO | D83: 4806395 | E83: FIXAÇÃO DE PARAFUSO EM ESTRUTURA METÁLICA | F83: UN | G83: 30
C84: FDE | D84: 16.45.001 | E84: FORNECIMENTO E COLOCACAO DE CHUMBADORES EXPANSIVEIS D=3/4" | F84: UN | G84: 8
C85: CDHU | D85: 98.02.210 | E85: BANCO DE MADEIRA COM ENCOSTO E PÉS EM FERRO FUNDIDO PINTADO | F85: UN | G85: 5
C86: FDE | D86: 16.07.037 | E86: FL-07 FLOREIRA PRE FABRICADO DE CONCRETO Ø 60CM | F86: UN | G86: 6
C87: EDIF | D87: 18003023 | E87: MARIA SEM VERGONHA (IMPATIENS SPP) | F87: DÚZIA | G87: 60
C88: EDIF | D88: 18003061 | E88: ABUTILOM (ABUTILON STRIATUM) | F88: UN | G88: 12
C89: EDIF | D89: 18080030 | E89: PREPARO DO SOLO PARA PLANTIO DE GRAMA BATATAES | F89: M2 | G89: 60
C90: EDIF | D90: 18003001 | E90: GRAMA BATATAES EM PLACAS (PASPALUM NOTATUM) | F90: M2 | G90: 60
H91: Subtotal: | I91: =SUM(I76:I90) -> 0
H92: Total: | I92: =I91+I74+I58+I52+I40+I30+I26+I13 -> 0
H93: BDI (25,00%): | I93: =I92*0.25 -> 0
H94: TOTAL GERAL: | I94: =I92*1.25 -> 0

Sheet Cronograma
B5: CRONOGRAMA FISICO-FINANCEIRO
B8: =Planilha!E6 -> OBRA: MELHORIAS NO CASTELO ZENKER
B10: Descrição | C10: MESES | V10: Valor do Item | W10: %
C11: 1 | D11: 2 | E11: 3 | F11: 4 | G11: 5 | H11: 6 | I11: 7 | J11: 8 | K11: 9 | L11: 10 | M11: 11 | N11: 12 | O11: 13 | P11: 14 | Q11: 15 | R11: 16 | S11: 17 | T11: 18 | U11: 19
B12: =Planilha!E9 -> 1 - SERVIÇOS PRELIMINARES | V12: =Planilha!I13 -> 0 | W12: =V12/$V$36 -> #DIV/0!
C14: =V12 -> 0 | D14: =IF(D13="x", $V12/COUNTIF($C13:$U13,"x"), "") | E14: =IF(E13="x", $V12/COUNTIF($C13:$U13,"x"), "") | F14: =IF(F13="x", $V12/COUNTIF($C13:$U13,"x"), "") | G14: =IF(G13="x", $V12/COUNTIF($C13:$U13,"x"), "") | H14: =IF(H13="x", $V12/COUNTIF($C13:$U13,"x"), "") | I14: =IF(I13="x", $V12/COUNTIF($C13:$U13,"x"), "") | J14: =IF(J13="x", $V12/COUNTIF($C13:$U13,"x"), "") | K14: =IF(K13="x", $V12/COUNTIF($C13:$U13,"x"), "") | ... U14: =IF(U13="x", $V12/COUNTIF($C13:$U13,"x"), "")
B15: =Planilha!E14 -> 2 - ADEQUAÇÕES NA REGIÃO DO ELEVADOR E HALL DE ENTRADA | V15: =Planilha!I26 -> 0 | W15: =V15/$V$36 -> #DIV/0!
C17: =IF(C16="x", $V15/COUNTIF($C16:$U16,"x"), "") | D17: =V15/2 -> 0 | E17: =D17 -> 0 | F17: =IF(F16="x", $V15/COUNTIF($C16:$U16,"x"), "") | G17: =IF(G16="x", $V15/COUNTIF($C16:$U16,"x"), "") | H17: =IF(H16="x", $V15/COUNTIF($C16:$U16,"x"), "") | I17: =IF(I16="x", $V15/COUNTIF($C16:$U16,"x"), "") | J17: =IF(J16="x", $V15/COUNTIF($C16:$U16,"x"), "") | K17: =IF(K16="x", $V15/COUNTIF($C16:$U16,"x"), "") | L17: =IF(L16="x", $V15/COUNTIF($C16:$U16,"x"), "") | M17: =IF(M16="x", $V15/COUNTIF($C16:$U16,"x"), "") | ... U17: =IF(U16="x", $V15/COUNTIF($C16:$U16,"x"), "")
B18: =Planilha!E27 -> 3 - CORREÇÃO DAS INFILTRAÇÕES | V18: =Planilha!I30 -> 0 | W18: =V18/$V$36 -> #DIV/0!
E20: =V18 -> 0
B21: =Planilha!E31 -> 4 - PINTURA | V21: =Planilha!I40 -> 0 | W21: =V21/$V$36 -> #DIV/0!
D23: =V21/3 -> 0 | E23: =D23 -> 0 | F23: =E23 -> 0
B24: =Planilha!E41 -> 5 - PISOS | V24: =Planilha!I52 -> 0 | W24: =V24/$V$36 -> #DIV/0!
E26: =V24/2 -> 0 | F26: =E26 -> 0
B27: =Planilha!E53 -> 6 - ESQUADRIAS | V27: =Planilha!I58 -> 0 | W27: =V27/$V$36 -> #DIV/0!
B30: =Planilha!E59 -> 7 - INSTALAÇÕES ELÉTRICAS | V30: =Planilha!I74 -> 0 | W30: =V30/$V$36 -> #DIV/0!
C32: =V30/3 -> 0 | D32: =C32 -> 0 | E32: =D32 -> 0
B33: =Planilha!E75 -> 8 - SERVIÇOS COMPLEMENTARES | V33: =Planilha!I91 -> 0 | W33: =V33/$V$36 -> #DIV/0!
C35: =V33/2 -> 0 | D35: =C35 -> 0
B36: Total: | C36: =SUM(C12:C35) -> 0 | D36: =SUM(D12:D35) -> 0 | E36: =SUM(E12:E35) -> 0 | F36: =SUM(F12:F35) -> 0 | G36: =SUM(G12:G14) -> 0 | H36: =SUM(H12:H14) -> 0 | I36: =SUM(I12:I14) -> 0 | J36: =SUM(J12:J14) -> 0 | K36: =SUM(K12:K14) -> 0 | L36: =SUM(L12:L14) -> 0 | M36: =SUM(M12:M14) -> 0 | N36: =SUM(N12:N14) -> 0 | ... U36: =SUM(U12:U14) -> 0 | V36: =SUM(V12:V35) -> 0
F37: BDI (25,00%): | G37: =G36*0.25 -> 0 | H37: =H36*0.25 -> 0 | I37: =I36*0.25 -> 0 | J37: =J36*0.25 -> 0 | K37: =K36*0.25 -> 0 | L37: =L36*0.25 -> 0 | M37: =M36*0.25 -> 0 | N37: =N36*0.25 -> 0 | ... V37: =V36*0.25 -> 0
F38: TOTAL GERAL: | G38: =SUM(G36:G37) -> 0 | H38: =SUM(H36:H37) -> 0 | I38: =SUM(I36:I37) -> 0 | J38: =SUM(J36:J37) -> 0 | K38: =SUM(K36:K37) -> 0 | L38: =SUM(L36:L37) -> 0 | M38: =SUM(M36:M37) -> 0 | N38: =SUM(N36:N37) -> 0 | ... V38: =SUM(V36:V37) -> 0 | W38: =SUM(W12:W37) -> #DIV/0!

Sheet BDI
B5: DEMONSTRATIVO DE COMPOSIÇÃO DO BDI
B6: (acórdão 2622/2013-TCU-Plenário)
B8: =Planilha!E6 -> OBRA: MELHORIAS NO CASTELO ZENKER
B12: Itens | E12: Siglas | F12: % Adotado
B14: Administração Central | E14: AC | F14: 0.0485
B15: Seguro e Garantia | E15: SG | F15: 0.008
B16: Risco | E16: R | F16: 0.0127
B17: Despesas Financeiras | E17: DF | F17: 0.0059
B18: Lucro | E18: L | F18: 0.0617
B19: Tributos (impostos COFINS 3%, e PIS 0,65%) | E19: CP | F19: 0.0365
B20: Tributos (ISS, variável de acordo com o município) | E20: ISS | F20: 0.05
B21: Tributos (Contribuição Previdenciária sobre a Receita Bruta - 0% ou 4,5% - Desoneração) | E21: CPRB | F21: 0
B22: Taxa BDI (%) | F22: =(((1+F14+F15+F16)*(1+F17)*(1+F18))/(1-F19-F20))-1 -> 0.2499914
B25: Os valores de BDI foram calculados com o emprego da fórmula (acórdão 2622/2013-TCU-Plenário):
C27: BDI = | D27: ( 1+ AC + S + R + G ) x ( 1 + DF ) x ( 1 + L ) | E27: -1
D28: (1- CP - ISS)
B31: Declaremos sob pena de Lei que a alternativa adotada pela Prefeitura do Município de Ferraz de Vasconcelos é SEM Desoneração e que está é a mais vantajosa para a Administração Pública.
